 Dungeon Crawl Stone Soup version 0.30-a0-591-g3c58d2bc28 (webtiles) character file.

Game seed: 12876314421499564155

898333 wormed the Shapeless Octopus (level 27, -2/242 HPs)
             Began as an Octopode Transmuter on Jan 4, 2023.
             Was an Initiate of Gozag.
             Killed by a royal mummy's death curse (20 damage)
             ... on level 25 of a ziggurat.
             The game lasted 03:22:38 (94117 turns).

wormed the Shapeless Octopus (Octopode Transmuter) Turns: 94117, Time: 03:22:38

Health: -2/242     AC: 34    Str: 40      XL:     27
Magic:  12/43      EV: 42    Int: 41 (42) God:    Gozag
Gold:   375        SH:  0    Dex: 14 (17) Spells: 23/58 levels left

rFire   + + +      SeeInvis +      - Unarmed
rCold   + + +      Faith    .    (shield currently unavailable)
rNeg    + + .      Spirit   .    (helmet currently unavailable)
rPois   ∞          Reflect  .    g - amulet "Athexti" {Contam rElec rN+ Regen+ Str+7}
rElec   +          Harm     .    M - ring "Demnihac" {rPois rF+++ rC+ Str-2 SInv}
rCorr   +          Rampage  .    H - ring of the Okapi {rPois Will+ Str+7}
Will    +++++                    c - ring "Urakk" {rC+ Int+6}
Stlth   ++                       L - ring of the Tortoise {AC+8}
HPRegen 1.40/turn                E - +6 ring of intelligence
MPRegen 0.28/turn                o - ring "Newifall" {Drain rF+ rCorr Str+6}
                                 m - ring "Koudao" {rN+ Will+ Str+3 Int+4}
                                 P - ring "Gaonkizi" {rC+ Will+ Str+7 Stlth+}

@: mighty, storm-form, resistant, gold aura, flying, hasted and slowed, studying
2 skills
A: cleaving, insubstantial, flying, almost no armour, amphibious, 8 rings,
(camouflage 1), (gelatinous body 1), (nimble swimmer 1), (tentacles),
(iridescent scales 1), see invisible, agile 1, clever 1, robust 1
}: 5/15 runes: barnacled, slimy, silver, abyssal, gossamer
a: Blinkbolt, End Transformation, Renounce Religion, Potion Petition, Call
Merchant, Bribe Branch


You were on level 25 of a ziggurat.
You worshipped Gozag.
Gozag was aware of your devotion.
You were a lightning-filled tempest!
You visited 13 branches of the dungeon, and saw 57 of its levels.
You visited the Abyss 4 times.
You visited 1 bazaar.
You visited 1 ziggurat, and saw 25 of its levels.
You also visited: Wizlab.

You collected 49297 gold pieces.
You spent 6083 gold pieces at shops.
You paid 42839 gold pieces to Gozag.

Inventory:

Missiles
 j - 9 throwing nets
Armour
 i - the +3 hat of Pondering (melded) {ponderous, Will+ MP+10 Int+5}
   (You took it off Gastronok on level 9 of the Dungeon)

   Int:       It affects your intelligence (+5).
   MP:        It affects your magic capacity (+10).
   Will:      It increases your willpower.
Magical Staves
 O - a staff of air (melded)
Jewellery
 c - the ring "Urakk" (on tentacle) {rC+ Int+6}
   (You took it off a deep elf pyromancer on level 3 of the Elven Halls)

   [ring of intelligence]

   Int:       It affects your intelligence (+6).
   rC:        It protects you from cold.
 g - the amulet "Athexti" (around neck) {Contam rElec rN+ Regen+ Str+7}
   (You bought it in a shop on level 4 of the Depths)

   [amulet of regeneration]

   Str:       It affects your strength (+7).
   rElec:     It insulates you from electricity.
   rN:        It protects you from negative energy.
   Contam:    It causes magical contamination when unequipped.
   Regen:     It increases your rate of health regeneration.
 m - the ring "Koudao" (on tentacle) {rN+ Will+ Str+3 Int+4}
   (You found it on level 4 of a ziggurat)

   [ring of positive energy]

   Str:       It affects your strength (+3).
   Int:       It affects your intelligence (+4).
   rN:        It protects you from negative energy.
   Will:      It increases your willpower.
 o - the ring "Newifall" (on tentacle) {Drain rF+ rCorr Str+6}
   (You found it on level 23 of a ziggurat)

   [ring of strength]

   Str:       It affects your strength (+6).
   rF:        It protects you from fire.
   rCorr:     It protects you from acid and corrosion.
   Drain:     It drains your maximum health when unequipped.
 E - a +6 ring of intelligence (on tentacle)
 H - the ring of the Okapi (right tentacle) {rPois Will+ Str+7}
   (You found it on level 21 of a ziggurat)

   [ring of willpower]

   Str:       It affects your strength (+7).
   rPois:     It protects you from poison.
   Will:      It increases your willpower.
 L - the ring of the Tortoise (on tentacle) {AC+8}
   (You found it on level 5 of the Lair of Beasts)

   [ring of protection]

   AC:        It affects your AC (+8).
 M - the ring "Demnihac" (left tentacle) {rPois rF+++ rC+ Str-2 SInv}
   (You found it on level 5 of the Pits of Slime)

   [ring of see invisible]

   Str:       It affects your strength (-2).
   rF:        It renders you almost immune to fire.
   rC:        It protects you from cold.
   rPois:     It protects you from poison.
   SInv:      It lets you see invisible.
 P - the ring "Gaonkizi" (on tentacle) {rC+ Will+ Str+7 Stlth+}
   (You found it on level 20 of a ziggurat)

   [ring of protection from cold]

   Str:       It affects your strength (+7).
   rC:        It protects you from cold.
   Will:      It increases your willpower.
   Stlth:     It makes you more stealthy.
Wands
 k - a wand of digging (26) (quivered)
 x - a wand of iceblast (45)
 y - a wand of flame (74)
 B - a wand of polymorph (22)
 F - a wand of mindburst (60)
 I - a wand of charming (27)
 J - a wand of acid (42)
Scrolls
 d - 36 scrolls of teleportation
 l - 14 scrolls of poison
 n - 10 scrolls of silence
 p - 19 scrolls of fog
 A - 18 scrolls of enchant weapon
 C - 12 scrolls of magic mapping
 K - 16 scrolls of enchant armour
 N - 6 scrolls of blinking
 S - 8 scrolls of amnesia
 T - 8 scrolls of fear
 V - 4 scrolls of brand weapon
Potions
 a - 18 potions of lignification
 b - 23 potions of flight
 e - 7 potions of attraction
 f - 7 potions of magic
 q - 4 potions of ambrosia
 s - 8 potions of brilliance
 u - 7 potions of berserk rage
 v - 15 potions of haste
 w - 6 potions of mutation
 D - 12 potions of invisibility
 G - 6 potions of cancellation
 Q - 4 potions of might
 U - 6 potions of resistance


   Skills:
 + Level 26.2 Fighting
 + Level 26.2 Dodging
 + Level 26.2 Unarmed Combat
 - Level 16.0 Spellcasting
 - Level 12.0 Translocations
 O Level 27 Transmutations
 - Level 5.0 Ice Magic
 O Level 27 Air Magic


You had 23 spell levels left.
You knew the following spells:

 Your Spells              Type           Power      Damage    Failure   Level
a - Storm Form            Tmut/Air       65%        N/A       0%          7
b - Wereblood             Tmut           100%       N/A       0%          2
c - Manifold Assault      Tloc           92%        N/A       1%          4
d - Blink                 Tloc           100%       N/A       0%          2
e - Arcjolt               Conj/Air       48%        1d58      1%          5
f - Disjunction           Tloc           46%        N/A       38%         8
g - Swiftness             Air            100%       N/A       0%          3
h - Passage of Golubria   Tloc           92%        N/A       1%          4

Your spell library contained the following spells:

 Spells                   Type           Power      Damage    Failure   Level
 Apportation              Tloc           100%       N/A       0%          1
 Beastly Appendage        Tmut           100%       N/A       0%          1
 Shock                    Conj/Air       100%       1d9       0%          1
 Sting                    Tmut/Pois      100%       1d8       0%          1
 Passwall                 Tmut/Erth      80%        N/A       0%          2
 Poisonous Vapours        Pois/Air       100%       N/A       0%          2
 Static Discharge         Conj/Air       100%       2-7/arc   0%          2
 Kindle Blastsparks       Fire/Tloc/Air  100%       2d18      0%          3
 Spider Form              Tmut/Pois      97%        N/A       0%          3
 Vhi's Electric Charge    Tloc/Air       100%       N/A       0%          3
 Airstrike                Air            65%        2d(10-26) 0%          4
 Ice Form                 Ice/Tmut       100%       N/A       0%          4
 Blade Hands              Tmut           65%        N/A       0%          5
 Dragon Form              Tmut           65%        N/A       0%          7
 Foxfire                  Conj/Fire      100%       2x1d9     1%          1
 Freeze                   Ice            100%       1d10      1%          1
 Kiss of Death            Conj/Necr      100%       2d13      1%          1
 Magic Dart               Conj           100%       1d8       1%          1
 Necrotise                Necr           100%       1d9       1%          1
 Sandblast                Erth           64%        2d14      1%          1
 Slow                     Hex            100%       N/A       1%          1
 Summon Small Mammal      Summ           100%       N/A       1%          1
 Call Imp                 Summ           32%        N/A       1%          2
 Cigotuvi's Dreadful Rot  Necr/Pois/Air  100%       N/A       1%          2
 Ensorcelled Hibernation  Hex/Ice        100%       N/A       1%          2
 Momentum Strike          Conj/Tloc      100%       3d10      1%          2
 Scorch                   Fire           64%        2d8       1%          2
 Searing Ray              Conj           64%        2d6       1%          2
 Sublimation of Blood     Necr           32%        N/A       1%          2
 Frozen Ramparts          Ice            100%       1d16      1%          3
 Gell's Gravitas          Tloc           92%        N/A       1%          3
 Hailstorm                Conj/Ice       52%        3d12      1%          3
 Ignite Poison            Fire/Tmut/Pois 82%        N/A       1%          3
 Lesser Beckoning         Tloc           100%       N/A       1%          3
 Mephitic Cloud           Conj/Pois/Air  82%        N/A       1%          3
 Ozocubu's Armour         Ice            65%        N/A       1%          3
 Portal Projectile        Hex/Tloc       100%       N/A       1%          3
 Teleport Other           Tloc           92%        N/A       1%          3
 Iskenderun's Mystic Bla  Conj/Tloc      70%        2d14      1%          4
 Petrify                  Tmut/Erth      97%        N/A       1%          4
 Summon Lightning Spire   Summ/Air       97%        N/A       1%          4
 Alistair's Intoxication  Tmut/Pois      64%        N/A       1%          5
 Freezing Cloud           Conj/Ice/Air   44%        6-21      1%          5
 Irradiate                Conj/Tmut      48%        3d27      1%          5
 Lightning Bolt           Conj/Air       48%        1d69      1%          5
 Silence                  Hex/Air        48%        N/A       1%          5
 Summon Forest            Summ/Tloc      35%        N/A       1%          5
 Yara's Violent Unravell  Hex/Tmut       48%        3d19      1%          5
 Conjure Ball Lightning   Conj/Air       48%        3x3d17    1%          6
 Dispersal                Tloc           46%        N/A       1%          6
 Eringya's Noxious Bog    Tmut/Pois      48%        N/A       1%          6
 Statue Form              Tmut/Erth      64%        N/A       1%          6
 Maxwell's Capacitive Co  Air            65%        ∞         1%          8
 Confusing Touch          Hex            32%        N/A       2%          3
 Inner Flame              Hex/Fire       32%        N/A       2%          3
 Summon Guardian Golem    Hex/Summ       32%        N/A       2%          3
 Tukima's Dance           Hex            32%        N/A       2%          3
 Vampiric Draining        Necr           32%        2d8       2%          3
 Summon Ice Beast         Ice/Summ       52%        N/A       3%          4
 Cause Fear               Hex            16%        N/A       9%          4
 Dispel Undead            Necr           32%        3d14      9%          4
 Flame Wave               Conj/Fire      32%        2d9       9%          4
 Fulminant Prism          Conj/Hex       16%        3d10      9%          4
 Leda's Liquefaction      Hex/Erth       16%        N/A       9%          4
 Olgreb's Toxic Radiance  Pois           32%        N/A       9%          4
 Sticky Flame             Conj/Fire      32%        2d5       9%          4
 Metabolic Englaciation   Hex/Ice        26%        N/A       9%          5
 Borgnjor's Vile Clutch   Necr/Erth      16%        N/A       24%         5
 Fireball                 Conj/Fire      16%        3d8       24%         5
 Iskenderun's Battlesphe  Conj           32%        2d8       24%         5
 Lee's Rapid Deconstruct  Erth           16%        3d10*     24%         5
 Summon Mana Viper        Hex/Summ       32%        N/A       24%         5
 Malign Gateway           Summ/Tloc      35%        N/A       54%         7
 Death Channel            Necr           16%        N/A       80%         6
 Iron Shot                Conj/Erth      16%        9d4       80%         6
 Starburst                Conj/Fire      16%        6d6       80%         6
 Summon Cactus Giant      Summ           16%        N/A       80%         6
 Chain Lightning          Conj/Air       48%        3d64      98%         9
 Enfeeble                 Hex            16%        N/A       100%        7
 Monstrous Menagerie      Summ           16%        N/A       100%        7
 Orb of Destruction       Conj           16%        9d7       100%        7
 Spellforged Servitor     Conj/Summ      16%        N/A       100%        7
 Summon Hydra             Summ           16%        N/A       100%        7
 Discord                  Hex            16%        N/A       100%        8
 Infestation              Necr           16%        N/A       100%        8
 Lehudib's Crystal Spear  Conj/Erth      16%        10d5      100%        8
 Summon Horrible Things   Summ           16%        N/A       100%        8
 Dragon's Call            Summ           16%        N/A       100%        9
 Fire Storm               Conj/Fire      16%        8d4       100%        9
 Shatter                  Erth           16%        3d15*     100%        9
 Animate Armour           Summ/Erth      Unusable   N/A       N/A         4
 Animate Dead             Necr           Unusable   N/A       N/A         4
 Simulacrum               Ice/Necr       Unusable   N/A       N/A         6

Dungeon Overview and Level Annotations

Branches:
Dungeon (15/15)            Temple (1/1) D:4            Lair (5/5) D:9
 Shoals (4/4) Lair:2       Spider (4/4) Lair:3        Slime (5/5) Lair:4
    Orc (2/2) D:11            Elf (3/3) Orc:2        Vaults (5/5) D:13
  Crypt (3/3) Vaults:2       Tomb (1/3) Crypt:3      Depths (4/4) D:15
    Zot (5/5) Depths:4     WizLab (visited)

Altars:
Ashenzari
Cheibriados
Dithmenos
Elyvilon
Fedhas
Gozag
Hepliaklqana
Kikubaaqudgha
Makhleb
Nemelex Xobeh
Okawaru
Qazlal
Ru
Sif Muna
Trog
Uskayaw
Vehumet
Wu Jian
Xom
Yredelemnul
Zin
The Shining One
Lugonu

Shops:
D:2 ?=?[(!   D:7 [:!?   D:12 =   Orc:1 (   Orc:2 =[[?=   Elf:3 **   Lair:3 :
Lair:5 (?   Shoals:1 *   Shoals:2 :   Vaults:1 !   Depths:3 [   Depths:4 =[[?

Portals:
Hell: Depths:1 Depths:3 Depths:4
Abyss: Lair:5 Depths:1 Depths:3
Pandemonium: Depths:2

Annotations:
Crypt:2 2 transporters


Innate Abilities, Weirdness & Mutations

You are a lightning-filled tempest!
Your electrical attacks strike out in all directions at once.
You are incredibly evasive.
Your insubstantial body is immune to petrification, constriction, and being set on fire You are flying.
You are immune to poison.
Your armour is entirely melded.
You are incapable of wielding weapons or throwing items.
You cannot wear most types of armour.
You are amphibious.
You can wear up to eight rings at the same time.
((Your skin changes colour to match your surroundings (Stealth+).))
((Your rubbery body absorbs attacks. (AC +1, EV +1)))
((You are camouflaged when in or above water. (Stealth+)))
((You have tentacles for arms and can constrict up to eight enemies at once.))
((You are partially covered in iridescent scales. (AC +2)))
You have supernaturally acute eyesight. (SInv)
You are agile. (Dex +4, Str/Int -1)
Your mind is acute. (Int +4, Str/Dex -1)
You are robust. (+10% HP)


Message History

Casting: Manifold Assault (safe; 1% risk of failure)
Confirm with . or Enter, or press ? or * to list all spells.
Space momentarily warps into an impossible shape!
You blast the royal mummy!!!
The royal mummy is no longer distracted by gold.
You blast the ushabti!!!!!
You destroy the ushabti!
The guardian mummy completely misses you.
Casting: Manifold Assault (safe; 1% risk of failure)
Confirm with . or Enter, or press ? or * to list all spells.
Space momentarily warps into an impossible shape!
You hit the guardian mummy.
You blast the royal mummy!!!!!
You destroy the royal mummy!
You feel extremely nervous for a moment...
You are engulfed in negative energy!
You feel clumsy. The guardian mummy hits you.
* * * LOW HITPOINT WARNING * * *
You feel your strength returning.
You hit the guardian mummy.
The guardian mummy is moderately damaged.
You blast the guardian mummy!!!!
Lightning courses through the guardian mummy!
You destroy the guardian mummy!
You feel extremely nervous for a moment...
Pain shoots through your body!
* * * LOW HITPOINT WARNING * * *
You hear a faint skittering sound.
The guardian mummy is distracted by your dazzling golden aura.
Casting: Manifold Assault (safe; 1% risk of failure)
Confirm with . or Enter, or press ? or * to list all spells.
Space momentarily warps into an impossible shape!
You blast the mummy!!!!
Lightning courses through the mummy!
You destroy the mummy!
You blast the royal mummy!!!!
You destroy the royal mummy!
You feel extremely nervous for a moment...
Pain shoots through your body!!
You die...
Your body crumbles into a pile of gold.

▓▓........
▓▓.......Z..M
▓▓........sMMM
▓▓..........MsM
▓▓§..$B......B.Z
▓▓§MMM........sZM
▓▓§$M§M.$.Z9.M.MMM
▓vM§§Z§Z.$$$.M.sMM
▓▓§$MM§Z.$.M○s.4BB
▓▓.§§Z$§$$$$.s.MM
▓▓§$§.....4MBzBB
▓▓§........MBMB
▓▓.........BsM
▓▓...........
▓▓.........B
▓▓.........


You could see 2 guardian mummies and 3 mummies.

Vanquished Creatures
  the Royal Jelly (Slime:5)
  9 dread liches
  10 orbs of fire (Zot:5)
  3 ancient liches
  Mennas (Depths:3)
  2 juggernauts
  Boris (Depths:3)
  Sojobo (Crypt:1)
  17 royal mummies
  10 Killer Klowns
  4 curse toes
  Margery (Vaults:4)
  Xtahua (Depths:4)
  4 caustic shrikes (Depths:4)
  13 golden dragons
  Arachne (Spider:3)
  A profane servitor (Abyss:4)
  Nikola (Spider:3)
  2 pandemonium lords (Zig:9)
  4 Brimstone Fiends (Zig:19)
  14 bone dragons
  A pearl dragon (Zig:10)
  5 electric golems
  20 tentacled monstrosities
  An Ice Fiend (Zig:13)
  Jorgrun (Orc:1)
  9 hellephants
  A Hell Sentinel (Abyss:4)
  25 Orb Guardians (Zot:5)
  A walking crystal tome (Zig:22)
  A shard shrike skeleton (Abyss:4)
  7 titans
  13 liches
  10 deep elf master archers
  7 quicksilver dragons
  9 deep elf blademasters
  2 walking frostbound tomes (Depths:3)
  The ghost of gdog the Unseen, an adept GnDe of Gozag (Spider:3)
  4 searing wretches (Zig:19)
  The ghost of Ekkez the Severer, an adept HOMo of Okawaru (Elf:2)
  3 Executioners
  25 acid blobs
  Gastronok (D:9)
  7 ancient champions
  Frances (Spider:2)
  22 tentacled starspawn
  The ghost of Barug the Brawler, an adept TrMo of Nemelex Xobeh (Depths:2)
  8 tengu reavers
  Agnes (Spider:1)
  A thorn hunter (Zig:14)
  Roxanne (Spider:2)
  17 storm dragons
  12 death cobs
  15 sphinxes
  An eldritch tentacle (WizLab)
  9 azure jellies
  19 shadow dragons
  A shadow dragon (shapeshifter) (Zig:9)
  Ilsuiw (Shoals:2)
  Donald (Spider:3)
  17 rockslimes
  A fire giant (shapeshifter) (Zig:13)
  17 nagarajas
  10 draconian knights
  7 revenants
  4 draconian monks
  3 daevas (Zig:10)
  13 vault wardens
  9 draconian scorchers
  12 deep elf sorcerers
  An iron dragon (shapeshifter) (Zig:9)
  12 fire giants
  17 balrugs
  7 draconian shifters
  18 frost giants
  Louise (Spider:3)
  4 curse skulls
  The ghost of Cancer the Earth Mage, a journeyman GrEE of Vehumet (Orc:2)
  15 ghost moths
  An iron dragon (Depths:3)
  12 draconian stormcallers
  A shard shrike simulacrum (Abyss:4)
  10 emperor scorpions
  A spectral juggernaut (Crypt:3)
  An orc warlord (Vaults:2)
  3 ghouls
  4 angels
  7 draconian annihilators
  3 cacodemons
  4 war gargoyles
  10 quicksilver oozes
  32 very ugly things
  4 deep elf elementalists
  11 ironbound preservers
  A caustic shrike skeleton (Zig:25)
  3 spriggan defenders (Depths:2)
  3 juggernaut skeletons
  6 broodmothers
  5 reapers
  7 ophanim
  9 vampire knights
  8 ironbound thunderhulks
  21 stone giants
  The ghost of lotum the Severer, a journeyman GrFi of Makhleb (Lair:5)
  A rockslime zombie (Crypt:1)
  2 eleionomae
  9 green draconians
  An eleionoma (shapeshifter) (Zig:13)
  17 deep elf demonologists
  16 deep elf annihilators
  20 white draconians
  4 bennus (Zig:25)
  3 apis (Zig:10)
  24 black draconians
  A dire elephant (shapeshifter) (Zig:13)
  11 dire elephants
  A minotaur (Shoals:2)
  8 purple draconians
  12 spark wasps
  20 yellow draconians
  19 red draconians
  A blizzard demon (Abyss:3)
  12 eidola
  17 mummy priests
  2 spectral quicksilver dragons (Crypt:3)
  30 merfolk javelineers
  A quicksilver dragon zombie (Zig:25)
  Snorg (Lair:4)
  3 green deaths
  14 ettins
  5 deep elf death magi
  14 entropy weavers
  8 merfolk impalers
  2 crystal guardians
  14 jiangshi
  A spectral spriggan (Crypt:3)
  4 shambling mangroves
  5 fire dragons
  2 spriggan zombies
  10 deep elf high priests
  21 yaktaur captains
  2 fenstrider witch zombies
  8 ice dragons
  14 salamander tyrants
  Fannar (D:10)
  6 great orbs of eyes
  2 quicksilver dragon skeletons
  Erolcha (Orc:2)
  Harold (Lair:2)
  A spectral shadow dragon (Crypt:3)
  A juggernaut simulacrum (Depths:2)
  2 peacekeepers
  2 caustic shrike simulacra
  The ghost of OTABOTABOTAB the Martial Artist, a journeyman GnTm of Sif Muna (Lair:1)
  2 ghost crabs (Zig:14)
  A hydra (shapeshifter) (Zig:9)
  8 rakshasas
  4 ironbound frosthearts
  6 merfolk avatars
  4 ogre magi
  3 spriggan air magi
  5 two-headed ogres
  37 vault guards
  3 alligator snapping turtles
  4 catoblepae
  18 centaur warriors
  17 hydras
  4 anacondas
  3 death knights
  11 boulder beetles
  9 merfolk aquamancers
  5 spriggan skeletons
  5 radroaches
  4 jorogumos
  2 alligators (Zig:14)
  A stoker (Zig:19)
  14 death scarabs
  13 satyrs
  A death yak (shapeshifter) (Zig:9)
  10 deep troll shamans
  8 deep troll earth magi
  28 thrashing horrors
  Erica (D:10)
  3 titan zombies
  3 orc high priests (Orc:2)
  6 naga warriors
  2 spectral dire elephants (Crypt:3)
  54 dancing weapons
  A death yak (Lair:5)
  11 tengu warriors
  15 vampire magi
  5 shock serpents
  6 spriggan berserkers
  5 hell hogs
  A soul eater (Zig:11)
  4 sun demons
  17 naga sharpshooters
  26 hell knights
  Nergalle (D:10)
  Sonja (Lair:5)
  A spectral storm dragon (Crypt:3)
  2 spriggans (Depths:2)
  24 wretched stars
  2 salamander mystics (Zig:24)
  A titan skeleton (Tomb:1)
  23 deep elf knights
  9 shadow wraiths
  A storm dragon skeleton (Crypt:1)
  6 sixfirhies
  5 spatial maelstroms
  Lodul (D:11)
  5 sun moths
  A fire crab (shapeshifter) (Zig:16)
  9 pharaoh ants
  4 spriggan druids
  4 cherubim (Zig:10)
  An iron troll (shapeshifter) (Zig:13)
  4 goliath frogs
  11 iron trolls
  2 death drakes
  15 flayed ghosts
  18 sea snakes
  A spectral bunyip (Crypt:3)
  44 deep trolls
  16 skeletal warriors
  2 quicksilver dragon simulacra
  A spectral iron dragon (Crypt:3)
  3 naga ritualists
  3 shadow demons
  A spectral anaconda (Crypt:3)
  A bog body (Zig:14)
  19 orb spiders
  2 tengu zombies
  19 ironbound convokers
  5 obsidian statues
  3 swamp dragons (Zig:14)
  A bunyip skeleton (Crypt:2)
  28 harpies
  11 glowing orange brains
  9 wizards
  3 spriggan simulacra
  23 deep elf archers
  4 orange crystal statues
  4 steelbarb worms
  27 deep elf zephyrmancers
  15 phantasmal warriors
  13 lindwurms
  A shadow dragon skeleton (Crypt:1)
  2 harpies (shapeshifter)
  17 necromancers
  An iron dragon zombie (Crypt:1)
  35 deep elf pyromancers
  A shadow dragon zombie (Zig:25)
  An anaconda skeleton (Crypt:1)
  46 wolf spiders
  8 orc knights
  A shining eye (shapeshifter) (Abyss:2)
  2 cyclopes (shapeshifter)
  3 will-o-the-wisps
  20 manticores
  9 shining eyes
  2 mana vipers
  A manticore (shapeshifter) (D:14)
  18 fauns
  2 salamanders
  10 orc sorcerers
  55 ugly things
  A spectral ettin (Crypt:3)
  41 moths of wrath
  9 worldbinders
  A stone giant zombie (Crypt:1)
  12 cyclopes
  A shock serpent zombie (Crypt:1)
  A stone giant skeleton (WizLab)
  3 iron dragon skeletons
  2 naga zombies
  A fire giant skeleton (Crypt:2)
  A salamander (shapeshifter) (Lair:5)
  An elephant (shapeshifter) (Zig:16)
  Maurice (Orc:2)
  24 black mambas
  A black mamba (shapeshifter) (Lair:5)
  12 elephants
  8 naga magi
  20 water nymphs
  4 ice statues
  16 merfolk sirens
  7 apocalypse crabs
  7 guardian serpents
  2 eyes of devastation
  19 vault sentinels
  A shock serpent skeleton (Crypt:1)
  3 titan simulacra
  4 unseen horrors
  14 torpor snails
  A yellow draconian zombie (Crypt:3)
  4 orange demons
  A naga skeleton (Crypt:1)
  A gargoyle (D:11)
  23 smoke demons
  A torpor snail (shapeshifter) (D:11)
  15 demonic crawlers
  A komodo dragon (shapeshifter) (Abyss:3)
  16 cane toads
  10 rime drakes
  A kobold demonologist (D:13)
  2 hellions
  33 yaktaurs
  20 freezing wraiths
  5 efreet
  A green draconian zombie (Crypt:2)
  Psyche (D:9)
  10 komodo dragons
  A bunyip simulacrum (Crypt:3)
  A grey draconian skeleton (Crypt:2)
  31 guardian mummies
  3 tormentors
  A sea snake zombie (Crypt:3)
  5 tengu conjurers
  2 ice devils
  5 trolls
  A bloated husk (Zig:14)
  A yellow draconian skeleton (Crypt:3)
  A queen bee (shapeshifter) (D:13)
  A silent spectre (Abyss:3)
  14 wind drakes
  9 catoblepas skeletons
  21 ancient zymes
  2 red devils
  56 large abominations
  8 meliai
  A hellwing (Abyss:4)
  A sea snake skeleton (Crypt:2)
  A harpy zombie (Tomb:1)
  4 spectral harpies (Crypt:3)
  43 merfolk
  A raiju (shapeshifter) (Zig:7)
  A wind drake (shapeshifter) (D:15)
  3 polar bears
  A shadow dragon simulacrum (Crypt:3)
  24 tarantellas
  2 harpy skeletons (Crypt:1)
  12 hornets
  A snapping turtle (shapeshifter) (D:13)
  A blink frog (shapeshifter) (Zig:21)
  49 raiju
  11 snapping turtles
  4 dream sheep (Shoals:3)
  37 blink frogs
  3 fire dragon zombies
  77 slime creatures
  A culicivora (shapeshifter) (D:13)
  25 jumping spiders
  20 culicivoras
  49 small abominations
  A vampire (Abyss:4)
  A spriggan (shapeshifter) (D:14)
  9 ynoxinuls
  3 shadows
  3 centaur simulacra
  11 flying skulls
  13 wraiths
  9 air elementals
  3 wyverns
  60 yaks
  A black mamba skeleton (Crypt:1)
  34 water elementals
  10 ushabtiu
  3 fire bats (Abyss:3)
  5 fire elementals
  12 golden eyes
  3 steam dragons
  10 chaos spawn
  A human (shapeshifter) (Abyss:4)
  A redback simulacrum (D:15)
  A golden eye (shapeshifter) (Elf:1)
  A death yak simulacrum (Lair:5)
  13 neqoxecs
  34 redbacks
  15 vampire mosquitoes
  11 basilisks
  9 spatial vortices
  A swamp worm (shapeshifter) (Zig:16)
  2 wargs
  A harpy simulacrum (Crypt:3)
  7 nagas
  A glowing shapeshifter zombie (Zig:25)
  3 acid dragons
  17 water moccasins
  A hell hound (Zig:22)
  2 hydra simulacra (Lair:5)
  27 orc warriors
  A sky beast (D:6)
  A cane toad skeleton (Crypt:1)
  2 ice beasts
  2 black bears
  A black mamba simulacrum (Lair:5)
  8 wolves (Lair:4)
  A swamp dragon zombie (Crypt:1)
  25 ogres
  22 centaurs
  A lindwurm zombie (Crypt:2)
  A boggart (WizLab)
  2 phantoms
  A fire crab zombie (Crypt:1)
  7 bullfrogs
  6 kobold brigands
  2 gnoll sergeants
  6 necrophages
  A human skeleton (WizLab)
  A scorpion (D:6)
  16 earth elementals
  3 wights (D:7)
  17 killer bees
  A lindwurm simulacrum (Lair:5)
  7 electric eels
  15 howler monkeys
  A torpor snail simulacrum (Lair:5)
  A centaur zombie (D:7)
  A bullfrog zombie (D:7)
  A quasit (Abyss:4)
  6 hounds (D:5)
  20 orc priests
  A gnoll bouda (D:5)
  2 jellies
  94 starcursed masses
  4 iron imps
  A boggart zombie (Crypt:3)
  9 iguanas
  A black bear skeleton (Crypt:3)
  Natasha (thrice) (D:2)
  29 orc wizards
  6 hell rats (D:7)
  2 killer bee zombies (D:7)
  44 mummies
  2 howler monkey zombies
  5 river rats (D:7)
  12 gnolls
  6 adders
  3 shadow imps
  A howler monkey simulacrum (D:11)
  14 white imps
  4 ufetubi
  An adder skeleton (Crypt:2)
  2 worms (D:2)
  97 orcs
  8 bats
  6 endoplasms
  3 giant cockroaches
  6 goblins
  7 hobgoblins
  9 jackals
  29 kobolds
  10 quokkas
  5 ball pythons
  A dart slug zombie (Crypt:2)
  6 frilled lizards
  2 jackal skeletons
  An orc zombie (Crypt:2)
  18 rats
  A river rat skeleton (Crypt:2)
  5 briar patches (Zig:14)
  2 fire vortices (Zig:9)
  4 lurking horrors
  A plant (Shoals:2)
  16 starspawn tentacles
4016 creatures vanquished.

Vanquished Creatures (others)
  A deep elf demonologist (Elf:3)
  A purple draconian (Zot:5)
  A hydra (Zig:14)
  A jorogumo (Spider:4)
  A deep elf knight (Elf:1)
  A bog body (Zig:14)
  A swamp dragon (Zig:14)
  A deep elf pyromancer (Zig:17)
  A manticore (Shoals:4)
  A yaktaur (Vaults:5)
  A blink frog (WizLab)
  A merfolk (Zig:20)
  A snapping turtle (Zig:20)
  A culicivora (Spider:4)
  A large abomination (Abyss:4)
  A wyvern (D:9)
  3 golden eyes (Abyss:4)
  A neqoxec (Zig:22)
  An orc warrior (Vaults:5)
  A centaur (Zig:23)
  A small abomination (Abyss:4)
  An orc wizard (Orc:2)
  An orc (D:10)
  2 briar patches (Zig:14)
  11 bushes (Abyss:4)
  8 demonic plants (Abyss:4)
  4 foxfires (Zig:3)
  16 fungi
  4 lurking horrors
  103 plants
  27 starspawn tentacles
200 creatures vanquished.

Grand Total: 4216 creatures vanquished

Notes
Turn   | Place    | Note
-------+----------+-------------------------------------------
     0 | D:1      | wormed the Octopode Transmuter began the quest for the Orb.
     0 | D:1      | Reached XP level 1. HP: 13/13 MP: 3/3
    95 | D:1      | Reached XP level 2. HP: 13/18 MP: 1/5
   502 | D:1      | Reached XP level 3. HP: 20/23 MP: 4/6
   611 | D:2      | Found Dothriw's Jewellery Boutique.
   611 | D:2      | Found Fiotank's Antique Armour Shoppe.
   611 | D:2      | Found Veroerasch's Weapon Boutique.
   706 | D:2      | Identified the +6 spear of Midnight {elec, Str+2}
   784 | D:2      | Found Ucvudurph's Magic Scroll Boutique.
   831 | D:2      | Bought a scroll of teleportation for 42 gold pieces
   831 | D:2      | Bought a scroll of identify for 28 gold pieces
   952 | D:2      | Noticed Natasha
   956 | D:2      | Killed Natasha
   957 | D:2      | Reached skill level 1 in Ice Magic
   957 | D:2      | Reached XP level 4. HP: 28/29 MP: 7/7
   974 | D:2      | Found Byvox's Distillery.
  2507 | D:4      | Reached XP level 5. HP: 34/34 MP: 6/8
  2510 | D:4      | Learned a level 2 spell: Wereblood
  2515 | D:4      | Learned a level 4 spell: Ice Form
  2597 | D:4      | Found a staircase to the Ecumenical Temple.
  2669 | Temple   | Entered the Ecumenical Temple
  2677 | Temple   | Became a worshipper of Gozag Ym Sagoz the Greedy
  2903 | D:4      | Noticed a black bear
  2909 | D:4      | Killed a black bear
  2910 | D:4      | Reached XP level 6. HP: 40/40 MP: 5/10
  3300 | D:5      | Entered Level 5 of the Dungeon
  3359 | D:5      | Noticed an ice beast
  3368 | D:5      | Killed an ice beast
  3376 | D:5      | Reached XP level 7. HP: 37/45 MP: 6/11
  3665 | D:5      | Reached skill level 5 in Transmutations
  3713 | D:5      | Reached XP level 8. HP: 52/52 MP: 10/13
  4942 | D:6      | Reached skill level 5 in Unarmed Combat
  5083 | D:6      | Reached XP level 9. HP: 58/58 MP: 10/15
  6205 | D:7      | Reached skill level 5 in Dodging
  6244 | D:7      | Found a sacrificial altar of Ru.
  6246 | D:7      | Found a blossoming altar of Fedhas.
  6288 | D:7      | Found a snail-covered altar of Cheibriados.
  6632 | D:7      | Reached skill level 5 in Fighting
  6647 | D:7      | Reached skill level 5 in Spellcasting
  6703 | D:7      | Found Zefu's Armour Shoppe.
  6713 | D:7      | Found Ukkef's Book Emporium.
  6736 | D:7      | Reached XP level 10. HP: 66/66 MP: 12/17
  6779 | D:7      | Found Kaahi's Distillery.
  6782 | D:7      | Bought a potion of degeneration for 11 gold pieces
  6808 | D:7      | Reached skill level 5 in Ice Magic
  7432 | D:8      | Paralysed by a hornet for 3 turns
  8229 | D:9      | Reached XP level 11. HP: 74/74 MP: 15/20
  8307 | D:9      | Found a staircase to the Lair.
  8397 | D:9      | Noticed Gastronok
  8413 | D:9      | Killed Gastronok
  8582 | D:9      | Found an ancient bone altar of Kikubaaqudgha.
  8711 | D:9      | Identified the +7 hand axe of Iconoclasm {flame, rN+++ MP-9
                  | Str-3 Stlth+}
  8791 | D:9      | Reached skill level 10 in Transmutations
  8883 | D:9      | Noticed Psyche
  8887 | D:9      | Noticed a white ugly thing
  8897 | D:9      | Killed Psyche
  8906 | D:9      | Killed a white ugly thing
  9164 | D:9      | Noticed a two-headed ogre
  9173 | D:9      | Killed a two-headed ogre
  9754 | D:10     | Entered Level 10 of the Dungeon
  9806 | D:10     | Noticed Erica
  9821 | D:10     | Killed Erica
 10150 | D:10     | Noticed Nergalle
 10172 | D:10     | Killed Nergalle
 10218 | D:10     | Found a hazy altar of Hepliaklqana.
 10349 | D:10     | Noticed Fannar
 10403 | D:10     | Killed Fannar
 10697 | D:10     | Reached XP level 12. HP: 78/78 MP: 16/22
 10766 | D:10     | Identified the ring "Olod" {rN+ Slay+4 Stlth+}
 10979 | D:10     | Found a burning altar of Makhleb.
 10979 | D:10     | Found a basalt altar of Yredelemnul.
 11565 | D:11     | Found a staircase to the Orcish Mines.
 11923 | D:11     | Noticed a boulder beetle
 11924 | D:11     | Noticed an entropy weaver
 11958 | D:11     | Killed a boulder beetle
 12027 | D:11     | Noticed a centaur warrior
 12041 | D:11     | Killed a centaur warrior
 12086 | D:11     | Identified the ring "Tab Daf" {+Blink AC+4}
 12160 | D:11     | Noticed a centaur warrior
 12181 | D:11     | Killed a centaur warrior
 12422 | D:11     | Noticed Lodul
 12433 | D:11     | Killed Lodul
 12639 | D:11     | Noticed a four-headed hydra
 12649 | D:11     | Killed a four-headed hydra
 12922 | D:11     | Noticed a boulder beetle
 12943 | D:11     | Killed a boulder beetle
 13024 | D:11     | Reached XP level 13. HP: 89/89 MP: 19/25
 13526 | D:11     | Learned a level 2 spell: Blink
 13554 | Lair:1   | Entered Level 1 of the Lair of Beasts
 14297 | Lair:1   | Found a runed translucent door.
 14300 | Lair:1   | Noticed OTABOTABOTAB's ghost (journeyman GnTm)
 14614 | Lair:1   | Killed OTABOTABOTAB's ghost
 14784 | Lair:2   | Reached skill level 1 in Air Magic
 15249 | Lair:2   | Found a staircase to the Shoals.
 15358 | Lair:2   | Reached skill level 10 in Unarmed Combat
 15520 | Lair:2   | Noticed Harold
 15760 | Lair:2   | Killed Harold
 16236 | Lair:2   | Reached skill level 10 in Dodging
 16585 | Lair:2   | Reached skill level 10 in Fighting
 16694 | Lair:2   | Reached XP level 14. HP: 71/99 MP: 21/26
 17273 | Lair:3   | Identified the ring of Past Mistakes {Wiz Str+2}
 17605 | Lair:3   | Found a hole to the Spider Nest.
 17985 | Lair:3   | Identified the +9 long sword of Courage {protect, rPois}
 18723 | Lair:3   | Identified 3 scrolls of acquirement
 18724 | Lair:3   | Acquired a staff of air
 18726 | Lair:3   | Acquired a staff of cold
 18728 | Lair:3   | Acquired 996 gold pieces
 18736 | Lair:3   | Bought a book of the Sky for 748 gold pieces
 18746 | Lair:3   | Learned a level 7 spell: Storm Form
 18752 | Lair:4   | Noticed Snorg
 18777 | Lair:4   | Killed Snorg
 18778 | Lair:4   | Reached skill level 5 in Air Magic
 19023 | Lair:4   | Found a runed translucent door.
 19086 | Lair:4   | Noticed an acid blob
 19087 | Lair:4   | Found a staircase to the Slime Pits.
 19087 | Lair:4   | Noticed an acid blob
 19350 | Lair:4   | Acquired 887 gold pieces
 20408 | Lair:5   | Entered Level 5 of the Lair of Beasts
 20518 | Lair:5   | Found a frozen archway.
 20591 | Lair:5   | Found the ring of the Tortoise {AC+8}
 20849 | Lair:5   | Reached XP level 15. HP: 105/105 MP: 24/27
 21217 | Lair:5   | Noticed lotum's ghost (journeyman GrFi)
 21272 | Lair:5   | Reached skill level 10 in Air Magic
 21518 | Lair:5   | Found a runed translucent gate.
 21519 | Lair:5   | Found a runed translucent gate.
 21551 | Lair:5   | Found a runed translucent gate.
 21573 | Lair:5   | Noticed Sonja
 21595 | Lair:4   | Learned a level 3 spell: Swiftness
 21809 | Lair:5   | Killed Sonja
 22406 | Lair:5   | Found a corrupted altar of Lugonu.
 22406 | Lair:5   | Found a one-way gate to the infinite horrors of the Abyss.
 22561 | Lair:5   | Killed lotum's ghost
 22736 | Lair:4   | Killed an acid blob
 22742 | Lair:4   | Killed an acid blob
 24418 | D:13     | Found a gate to the Vaults.
 24681 | D:13     | Found a broken altar of Ashenzari.
 25213 | D:12     | Bought the ring "Mamaoc" {rPois rN+ MP+9 Int+2 Slay+2} for
                  | 720 gold pieces
 25341 | D:14     | Reached XP level 16. HP: 111/111 MP: 28/28
 25828 | D:14     | Found a runed translucent door.
 26515 | D:15     | Entered Level 15 of the Dungeon
 27738 | D:15     | Found a staircase to the Depths.
 28110 | Orc:1    | Entered Level 1 of the Orcish Mines
 28132 | Orc:1    | Found Dotuacac's Weapon Boutique.
 28307 | Orc:1    | Noticed Jorgrun
 28314 | Orc:1    | Killed Jorgrun
 28640 | Orc:2    | Entered Level 2 of the Orcish Mines
 28654 | Orc:2    | Noticed Cancer's ghost (journeyman GrEE)
 28732 | Orc:2    | Found a runed translucent gate.
 28733 | Orc:2    | Found a runed translucent gate.
 28734 | Orc:2    | Found a runed translucent gate.
 28808 | Orc:2    | Noticed Maurice
 28811 | Orc:2    | Found a staircase to the Elven Halls.
 28817 | Orc:2    | Killed Maurice
 28911 | Orc:2    | Noticed Erolcha
 28923 | Orc:2    | Killed Erolcha
 29283 | Orc:2    | Found Sowodorue's Jewellery Emporium.
 29283 | Orc:2    | Found Xanwig's Magic Scroll Shop.
 29519 | Orc:2    | Found Lonazuc's Armour Emporium.
 29519 | Orc:2    | Found Kefe's Antique Armour Shop.
 29760 | Orc:2    | Killed Cancer's ghost
 30221 | Spider:1 | Entered Level 1 of the Spider Nest
 30370 | Spider:1 | Noticed Agnes
 30375 | Spider:1 | Killed Agnes
 31066 | Spider:1 | Reached XP level 17. HP: 118/118 MP: 30/30
 32308 | Spider:2 | Reached skill level 15 in Air Magic
 32328 | Spider:2 | Reached skill level 15 in Transmutations
 32549 | Spider:2 | Identified Roxanne's Writings on the Cwm
 32549 | Spider:2 | Noticed Roxanne
 32570 | Spider:2 | Killed Roxanne
 33268 | Spider:2 | Noticed Frances
 33277 | Spider:2 | Killed Frances
 33738 | Spider:3 | Noticed Louise
 33751 | Spider:3 | Killed Louise
 33752 | Spider:3 | Reached skill level 10 in Spellcasting
 33861 | Spider:3 | Noticed Arachne
 33885 | Spider:3 | Killed Arachne
 33990 | Spider:3 | Found a transporter.
 33999 | Spider:3 | Noticed gdog's ghost (adept GnDe)
 34013 | Spider:3 | Found a transporter.
 34122 | Spider:3 | Noticed Nikola
 34131 | Spider:3 | Noticed Donald
 34133 | Spider:3 | Killed Nikola
 34139 | Spider:3 | Killed Donald
 34367 | Spider:3 | Killed gdog's ghost
 34370 | Spider:3 | Reached XP level 18. HP: 125/126 MP: 30/32
 34421 | Spider:3 | Identified the +1 flail of Ignis's Regard {venom, *Corrode
                  | rPois rF++ Will+++}
 34429 | Spider:3 | Identified the amulet "Tale" {Reflect Str+6 SH+5}
 34480 | Spider:4 | Entered Level 4 of the Spider Nest
 35978 | Spider:4 | Got a gossamer rune of Zot
 36666 | Shoals:1 | Entered Level 1 of the Shoals
 37614 | Shoals:1 | Found Tuekhlio's General Store.
 37926 | Shoals:2 | Noticed Ilsuiw
 37949 | Shoals:2 | Killed Ilsuiw
 38284 | Shoals:2 | Reached XP level 19. HP: 127/135 MP: 34/34
 38729 | Shoals:2 | Found a hide-covered altar of Uskayaw.
 40096 | Shoals:3 | Reached XP level 20. HP: 142/142 MP: 35/35
 40117 | Shoals:4 | Entered Level 4 of the Shoals
 40279 | Shoals:4 | Identified the +8 glaive of the Sugar Beet {pain, +Blink
                  | rElec rC+}
 40326 | Shoals:4 | Identified the +11 battleaxe "Boafoef" {vamp, *Slow Will++
                  | Dex+3}
 40391 | Shoals:4 | Paralysed by an air elemental for 1 turns
 40454 | Shoals:4 | Got a barnacled rune of Zot
 40455 | Shoals:4 | Identified the +0 great sword "Icimp" {antimagic, rF+ rC-
                  | Int+4}
 40954 | Shoals:4 | Paralysed by an air elemental for 1 turns
 40956 | Shoals:4 | Paralysed by an air elemental for 1 turns
 40978 | Shoals:4 | Paralysed by an air elemental for 1 turns
 40982 | Shoals:4 | Paralysed by an air elemental for 1 turns
 41580 | D:2      | Noticed Natasha
 41586 | D:2      | Killed Natasha
 41624 | D:2      | Bought the ring of the Worm {Wiz Drain rF+++} for 929 gold
                  | pieces
 41880 | Orc:2    | Bought the ring of Teriu {Fly rC+++ rCorr Str-2 Int-2} for
                  | 793 gold pieces
 42415 | Elf:1    | Entered Level 1 of the Elven Halls
 42678 | Elf:1    | Found a crumbling gateway.
 42879 | Elf:1    | Got the Tome of Hedonism
 43798 | Elf:2    | Reached XP level 21. HP: 136/149 MP: 37/37
 43832 | Elf:2    | Found a runed translucent gate.
 43832 | Elf:2    | Found a runed translucent gate.
 43833 | Elf:2    | Found a runed translucent gate.
 44069 | Elf:2    | Found a large runed translucent door.
 44069 | Elf:2    | Found a large runed translucent door.
 44075 | Elf:2    | Noticed Ekkez's ghost (adept HOMo)
 44145 | Elf:2    | Found a runed translucent door.
 44336 | Elf:2    | Found a corrupted altar of Lugonu.
 44510 | Elf:2    | Killed Ekkez's ghost
 45060 | Elf:2    | Reached skill level 15 in Unarmed Combat
 45261 | Elf:3    | Entered Level 3 of the Elven Halls
 45913 | Elf:3    | Found Ceumodwo's Neck Hole.
 46047 | Abyss:2  | Cast into level 2 of the Abyss (a deep elf sorcerer)
 46095 | Abyss:2  | Found a corrupted altar of Lugonu.
 46205 | Abyss:2  | Found a transporter.
 46208 | Abyss:2  | Found a corrupted altar of Lugonu.
 46466 | Elf:3    | Escaped the Abyss
 46472 | Elf:3    | Reached skill level 15 in Fighting
 46695 | Elf:3    | Reached skill level 15 in Dodging
 46754 | Elf:3    | Identified the +8 shortbow of Luxury {antimagic, *Slow rF+
                  | Int+3}
 46763 | Abyss:3  | Cast into level 3 of the Abyss (a deep elf demonologist)
 47021 | Abyss:3  | Found a corrupted altar of Lugonu.
 47125 | Elf:3    | Escaped the Abyss
 47275 | Elf:3    | Reached XP level 22. HP: 158/158 MP: 38/38
 47724 | Elf:3    | Identified the ring "Urakk" {rC+ Int+6}
 47779 | Elf:3    | Identified the +2 dagger of Hutepewn {drain, Stlth+}
 47813 | Elf:3    | Got the Vademecum on Alteration and Dislocation
 47875 | Elf:3    | Identified the +6 great sword "Loanotiy" {venom, Drain MP+9
                  | Int+4}
 47922 | Elf:3    | Identified the +3 great sword "Geagoron" {heavy, Int-2
                  | Dex+7}
 47924 | Elf:3    | Identified the +8 war axe of Qazlal's Whim {freeze, rC+
                  | Int+5}
 48300 | Slime:1  | Entered Level 1 of the Pits of Slime
 48563 | Slime:1  | You are sucked into a shaft and drop 1 floor!
 48565 | Slime:2  | Gained mutation: You occasionally shout uncontrollably at
                  | your foes. [a shining eye]
 48586 | Slime:2  | Gained mutation: Your body sometimes deteriorates upon
                  | taking damage. [a shining eye]
 48593 | Slime:2  | Gained mutation: Your body often deteriorates upon taking
                  | damage. [a shining eye]
 48601 | Slime:2  | Gained mutation: You are dopey. (Int -2) [a shining eye]
 50513 | Slime:5  | Entered Level 5 of the Pits of Slime
 50587 | Slime:5  | Gained mutation: You are vulnerable to heat. (rF-) [a
                  | shining eye]
 50631 | Slime:5  | Noticed the Royal Jelly
 50645 | Slime:5  | Killed the Royal Jelly
 50904 | Slime:5  | Got Domish's Omnibus of Coarse Jinxing
 50915 | Slime:5  | Identified the +8 spear "Woisuman" {drain, rPois rC+ Int+3}
 50957 | Slime:5  | Got the Compilation of Excruciating Freezing
 50963 | Slime:5  | Identified the ring "Demnihac" {rPois rF+++ rC+ Str-2 SInv}
 50971 | Slime:5  | Got a slimy rune of Zot
 51002 | Slime:5  | Identified the +4 great mace "Wastraa" {speed, rF+ rC-
                  | rN++}
 51008 | Slime:5  | Identified the +0 leather armour of the Valley of Death
                  | {Will+ Str+4}
 51860 | D:2      | Bought a +6 ring of intelligence for 504 gold pieces
 52107 | D:2      | Noticed Natasha
 52111 | D:2      | Killed Natasha
 52331 | D:12     | Bought a +6 ring of intelligence for 540 gold pieces
 52427 | D:12     | Lost mutation: Your body often deteriorates upon taking
                  | damage. [potion of mutation]
 52427 | D:12     | Lost mutation: Your body sometimes deteriorates upon taking
                  | damage. [potion of mutation]
 52427 | D:12     | Gained mutation: Your magical capacity is low. (-10% MP)
                  | [potion of mutation]
 52428 | D:12     | Lost mutation: Your magical capacity is low. (-10% MP)
                  | [potion of mutation]
 52428 | D:12     | Lost mutation: You are vulnerable to heat. (rF-) [potion of
                  | mutation]
 52428 | D:12     | Lost mutation: You occasionally shout uncontrollably at
                  | your foes. [potion of mutation]
 52428 | D:12     | Gained mutation: You sometimes lose your temper in combat.
                  | [potion of mutation]
 52428 | D:12     | Gained mutation: Your natural rate of healing is unusually
                  | fast. [potion of mutation]
 52429 | D:12     | Lost mutation: You are dopey. (Int -2) [potion of mutation]
 52429 | D:12     | Lost mutation: Your natural rate of healing is unusually
                  | fast. [potion of mutation]
 52429 | D:12     | Lost mutation: You sometimes lose your temper in combat.
                  | [potion of mutation]
 52429 | D:12     | Gained mutation: Potions are less effective at restoring
                  | your health. [potion of mutation]
 52430 | D:12     | Lost mutation: Potions are less effective at restoring your
                  | health. [potion of mutation]
 52430 | D:12     | Gained mutation: Your body sometimes deteriorates upon
                  | taking damage. [potion of mutation]
 52430 | D:12     | Gained mutation: Your natural rate of healing is unusually
                  | fast. [potion of mutation]
 52430 | D:12     | Gained mutation: You occasionally lose the ability to read
                  | scrolls when taking damage. [potion of mutation]
 52430 | D:12     | Gained mutation: One of your tentacles bears a spike.
                  | [potion of mutation]
 52431 | D:12     | Lost mutation: Your natural rate of healing is unusually
                  | fast. [potion of mutation]
 52431 | D:12     | Lost mutation: You occasionally lose the ability to read
                  | scrolls when taking damage. [potion of mutation]
 52431 | D:12     | Lost mutation: One of your tentacles bears a spike. [potion
                  | of mutation]
 52431 | D:12     | Gained mutation: Your magical capacity is low. (-10% MP)
                  | [potion of mutation]
 52431 | D:12     | Gained mutation: You are frail. (-10% HP) [potion of
                  | mutation]
 52431 | D:12     | Gained mutation: You expend magic power (3 MP) to
                  | strengthen your wands. [potion of mutation]
 52432 | D:12     | Lost mutation: You expend magic power (3 MP) to strengthen
                  | your wands. [potion of mutation]
 52432 | D:12     | Lost mutation: You are frail. (-10% HP) [potion of
                  | mutation]
 52432 | D:12     | Lost mutation: Your magical capacity is low. (-10% MP)
                  | [potion of mutation]
 52432 | D:12     | Gained mutation: Your muscles are strong. (Str +4, Int/Dex
                  | -1) [potion of mutation]
 52432 | D:12     | Gained mutation: Your body often deteriorates upon taking
                  | damage. [potion of mutation]
 52432 | D:12     | Gained mutation: Your flesh is cold resistant. (rC+)
                  | [potion of mutation]
 52433 | D:12     | Lost mutation: Your muscles are strong. (Str +4, Int/Dex
                  | -1) [potion of mutation]
 52433 | D:12     | Lost mutation: Your body often deteriorates upon taking
                  | damage. [potion of mutation]
 52433 | D:12     | Gained mutation: One of your tentacles bears a spike.
                  | [potion of mutation]
 52433 | D:12     | Gained mutation: Your mind is acute. (Int +4, Str/Dex -1)
                  | [potion of mutation]
 52434 | D:12     | Lost mutation: Your body sometimes deteriorates upon taking
                  | damage. [potion of mutation]
 52434 | D:12     | Lost mutation: Your flesh is cold resistant. (rC+) [potion
                  | of mutation]
 52434 | D:12     | Gained mutation: You are partially covered in iridescent
                  | scales. (AC +2) [potion of mutation]
 52434 | D:12     | Gained mutation: You are mostly covered in iridescent
                  | scales. (AC +4) [potion of mutation]
 52434 | D:12     | Gained mutation: You are frail. (-10% HP) [potion of
                  | mutation]
 52434 | D:12     | Gained mutation: You have supernaturally acute eyesight.
                  | (SInv) [potion of mutation]
 52435 | D:12     | Lost mutation: You have supernaturally acute eyesight.
                  | (SInv) [potion of mutation]
 52435 | D:12     | Lost mutation: Your mind is acute. (Int +4, Str/Dex -1)
                  | [potion of mutation]
 52435 | D:12     | Lost mutation: You are frail. (-10% HP) [potion of
                  | mutation]
 52527 | Depths:1 | Entered Level 1 of the Depths
 52558 | Depths:1 | Reached XP level 23. HP: 126/147 MP: 32/39
 52782 | Depths:1 | Found a hide-covered altar of Uskayaw.
 53333 | Depths:1 | Found a gateway to Hell.
 53880 | Depths:2 | Noticed an ancient lich
 53955 | Depths:2 | Found a runed translucent door.
 54250 | Depths:2 | Identified the +8 war axe of Buvu {heavy, rElec rPois rN+
                  | rCorr}
 54330 | Depths:2 | Found a one-way gate leading to the halls of Pandemonium.
 55062 | Depths:2 | Found a transporter.
 55090 | Depths:2 | Found a transporter.
 55097 | Depths:2 | Noticed Barug's ghost (adept TrMo)
 55708 | Depths:1 | Identified the +9 quarterstaff of the Smoking Hero
                  | {protect, rElec SInv}
 55709 | Depths:1 | Acquired 634 gold pieces
 55784 | Depths:2 | Killed an ancient lich
 55794 | Depths:2 | Killed Barug's ghost
 56001 | Depths:3 | Noticed Mennas
 56028 | Depths:3 | Killed Mennas
 56216 | Depths:3 | Noticed a golden dragon
 56224 | Depths:3 | Killed a golden dragon
 56225 | Depths:3 | Reached XP level 24. HP: 175/175 MP: 31/39
 56424 | Depths:3 | Noticed a juggernaut
 56424 | Depths:3 | Identified the +11 great sword of Gallantry {flame, Str-3
                  | Int+3}
 56432 | Depths:3 | Killed a juggernaut
 56499 | Depths:3 | Got the Compilation of the Grisly Pyromaniac
 56744 | Depths:3 | Found a one-way gateway to a ziggurat.
 56770 | Depths:3 | Noticed Boris
 56783 | Depths:3 | Killed Boris
 56869 | Depths:3 | Found Zyuheiphe's Antique Armour Emporium.
 57082 | Depths:3 | Found a blossoming altar of Fedhas.
 57333 | Depths:4 | Entered Level 4 of the Depths
 57606 | Depths:4 | Found a gate to the Realm of Zot.
 57759 | Depths:4 | Noticed a caustic shrike
 57759 | Depths:4 | Noticed a caustic shrike
 57760 | Depths:4 | Noticed a caustic shrike
 57765 | Depths:4 | Noticed a caustic shrike
 57767 | Depths:4 | Killed a caustic shrike
 57773 | Depths:4 | Killed a caustic shrike
 57781 | Depths:4 | Killed a caustic shrike
 57786 | Depths:4 | Killed a caustic shrike
 58605 | Depths:4 | Noticed Xtahua
 58611 | Depths:4 | Killed Xtahua
 58763 | Depths:4 | Noticed a juggernaut
 58771 | Depths:4 | Killed a juggernaut
 59211 | Depths:4 | Paralysed by a vampire knight for 4 turns
 59693 | Vaults:1 | Entered Level 1 of the Vaults
 60066 | Vaults:1 | Reached XP level 25. HP: 183/183 MP: 36/39
 61230 | Vaults:1 | Found Deymmas's Distillery.
 62385 | Vaults:2 | Identified the +9 short sword "Ilukats" {pain, Fragile rC+
                  | Stlth+}
 62770 | Vaults:2 | Found a staircase to the Crypt.
 63040 | Vaults:3 | Found a flickering gateway to a bazaar.
 63057 | Bazaar   | Entered a bazaar
 63129 | Bazaar   | Found Buxal's Distillery.
 63143 | Bazaar   | Found Ecif's Antique Armour Shoppe.
 63158 | Bazaar   | Found Xuluh's Weapon Shop.
 63178 | Bazaar   | Found Nirine's Jewellery Shoppe.
 63185 | Bazaar   | Bought a +6 ring of intelligence for 252 gold pieces
 63187 | Bazaar   | Found Veoc's Magic Scroll Shop.
 63195 | Bazaar   | Bought a scroll of blinking for 105 gold pieces
 63195 | Bazaar   | Bought a scroll of blinking for 105 gold pieces
 63330 | Vaults:3 | You are sucked into a shaft and drop 1 floor!
 63349 | Vaults:4 | Found a magical portal.
 63354 | WizLab   | Entered The Roulette of Golubria
 63354 | WizLab   | Found a transporter.
 63386 | WizLab   | Found a corrupted altar of Lugonu.
 63516 | WizLab   | Found a transporter.
 63539 | WizLab   | Found a transporter.
 63547 | WizLab   | Found a corrupted altar of Lugonu.
 63616 | WizLab   | Found a transporter.
 63853 | WizLab   | Found a transporter.
 63860 | WizLab   | Found a transporter.
 63901 | WizLab   | Found a transporter.
 63998 | WizLab   | Found a transporter.
 64127 | WizLab   | Found a transporter.
 64172 | WizLab   | Found a transporter.
 64172 | WizLab   | Found a transporter.
 64194 | WizLab   | Got Golubria's Tome of the Wayfarer
 64205 | WizLab   | Found the +1 cloak of Starlight {*Dazzle EV+4 Stlth--}
 64207 | WizLab   | Found a transporter.
 64207 | WizLab   | Found a transporter.
 64280 | WizLab   | Identified the +0 cloak "Sottig" {Str-5 Int+4 Dex+2 Slay+2}
 64291 | WizLab   | Found a transporter.
 64291 | WizLab   | Found a transporter.
 64404 | WizLab   | Found a transporter.
 64508 | WizLab   | Found a transporter.
 64508 | WizLab   | Found a transporter.
 64589 | WizLab   | Found a transporter.
 64589 | WizLab   | Found a transporter.
 64604 | WizLab   | Found a corrupted altar of Lugonu.
 64650 | WizLab   | Learned a level 4 spell: Manifold Assault
 64681 | Vaults:4 | Noticed Margery
 64696 | Vaults:4 | Killed Margery
 64697 | Vaults:4 | Reached skill level 1 in Translocations
 64961 | Vaults:4 | Reached XP level 26. HP: 183/193 MP: 39/39
 65091 | Vaults:4 | Paralysed by a great orb of eyes for 4 turns
 66262 | Vaults:5 | Entered Level 5 of the Vaults
 66303 | Vaults:5 | Reached skill level 5 in Translocations
 66495 | Vaults:5 | Identified the +2 dagger "Tajueh" {venom, Int+4}
 67036 | Vaults:5 | Got a silver rune of Zot
 67146 | Vaults:5 | Reached XP level 27. HP: 199/199 MP: 39/39
 67382 | Vaults:5 | Identified the ring "Ceis" {rElec rPois rC++ rCorr MP+9
                  | Int-5}
 67668 | Vaults:5 | Noticed a dread lich
 67671 | Vaults:5 | Killed a dread lich
 68191 | Vaults:5 | Acquired 1034 gold pieces
 68609 | D:1      | Learned a level 4 spell: Passage of Golubria
 68617 | D:1      | Learned a level 5 spell: Arcjolt
 68626 | D:1      | Learned a level 8 spell: Disjunction
 69022 | Zot:1    | Entered Level 1 of the Realm of Zot
 69029 | Depths:4 | Bought the amulet "Athexti" {Contam rElec rN+ Regen+ Str+7}
                  | for 1031 gold pieces
 69045 | Depths:4 | Bought a jewelled tower shield for 275 gold pieces
 69045 | Depths:4 | Identified the +5 tower shield of the Gloaming {rPois rN+
                  | Regen+ rCorr Dex-3} (You bought it in a shop on level 4 of
                  | the Depths)
 70341 | Zot:2    | Reached skill level 10 in Translocations
 70532 | Zot:2    | Identified the +9 short sword of Voqu Ulou {holy, rF+}
 74604 | Zot:5    | Entered Level 5 of the Realm of Zot
 74892 | Zot:5    | Found a transporter.
 74893 | Zot:5    | Found a transporter.
 74981 | Zot:5    | Found a transporter.
 74987 | Zot:5    | Found a transporter.
 75054 | Zot:5    | Found a transporter.
 75058 | Zot:5    | Found a transporter.
 75447 | Zot:5    | Noticed a dread lich
 75451 | Zot:5    | Noticed an ancient lich
 75455 | Zot:5    | Killed a dread lich
 75460 | Zot:5    | Killed an ancient lich
 75462 | Zot:5    | Noticed an orb of fire
 75475 | Zot:5    | Gained mutation: You occasionally lose the ability to drink
                  | potions when taking damage. [an orb of fire]
 75478 | Zot:5    | Killed an orb of fire
 75550 | Zot:5    | Noticed an orb of fire
 75554 | Zot:5    | Noticed an orb of fire
 75559 | Zot:5    | Killed an orb of fire
 75560 | Zot:5    | Gained mutation: You are frail. (-10% HP) [an orb of fire]
 75570 | Zot:5    | Gained mutation: You occasionally shout uncontrollably at
                  | your foes. [an orb of fire]
 75571 | Zot:5    | Killed an orb of fire
 75573 | Zot:5    | Noticed an orb of fire
 75583 | Zot:5    | Killed an orb of fire
 75589 | Zot:5    | Noticed a dread lich
 75590 | Zot:5    | Noticed an orb of fire
 75591 | Zot:5    | Gained mutation: You are dopey. (Int -2) [an orb of fire]
 75592 | Zot:5    | Killed an orb of fire
 75595 | Zot:5    | Killed a dread lich
 75836 | Zot:5    | Noticed an orb of fire
 75838 | Zot:5    | Noticed an orb of fire
 75839 | Zot:5    | Noticed an orb of fire
 75843 | Zot:5    | Killed an orb of fire
 75844 | Zot:5    | Noticed an orb of fire
 75846 | Zot:5    | Killed an orb of fire
 75847 | Zot:5    | Noticed a dread lich
 75849 | Zot:5    | Killed an orb of fire
 75850 | Zot:5    | Noticed an orb of fire
 75851 | Zot:5    | Killed an orb of fire
 75855 | Zot:5    | Killed a dread lich
 75870 | Zot:5    | Killed an orb of fire
 76800 | D:1      | Lost mutation: You are frail. (-10% HP) [potion of
                  | mutation]
 76800 | D:1      | Lost mutation: You are mostly covered in iridescent scales.
                  | (AC +4) [potion of mutation]
 76800 | D:1      | Gained mutation: Your system is resistant to poisons.
                  | (rPois) [potion of mutation]
 76801 | D:1      | Lost mutation: One of your tentacles bears a spike. [potion
                  | of mutation]
 76801 | D:1      | Lost mutation: You occasionally lose the ability to drink
                  | potions when taking damage. [potion of mutation]
 76801 | D:1      | Gained mutation: You have hidden genetic potential. [potion
                  | of mutation]
 76802 | D:1      | Lost mutation: You are partially covered in iridescent
                  | scales. (AC +2) [potion of mutation]
 76802 | D:1      | Lost mutation: You are dopey. (Int -2) [potion of mutation]
 76802 | D:1      | Gained mutation: Your mind is acute. (Int +4, Str/Dex -1)
                  | [potion of mutation]
 76802 | D:1      | Gained mutation: Your flesh is cold resistant. (rC+)
                  | [potion of mutation]
 76802 | D:1      | Gained mutation: You occasionally lose the ability to drink
                  | potions when taking damage. [potion of mutation]
 76803 | D:1      | Lost mutation: Your system is resistant to poisons. (rPois)
                  | [potion of mutation]
 76803 | D:1      | Lost mutation: Your mind is acute. (Int +4, Str/Dex -1)
                  | [potion of mutation]
 76803 | D:1      | Lost mutation: You occasionally lose the ability to drink
                  | potions when taking damage. [potion of mutation]
 76803 | D:1      | Gained mutation: You possess an exceptional clarity of
                  | mind. [potion of mutation]
 76803 | D:1      | Gained mutation: You occasionally lose the ability to read
                  | scrolls when taking damage. [potion of mutation]
 76804 | D:1      | Lost mutation: You occasionally lose the ability to read
                  | scrolls when taking damage. [potion of mutation]
 76804 | D:1      | Lost mutation: You have hidden genetic potential. [potion
                  | of mutation]
 76804 | D:1      | Lost mutation: Your flesh is cold resistant. (rC+) [potion
                  | of mutation]
 76804 | D:1      | Gained mutation: You expend magic power (3 MP) to
                  | strengthen your wands. [potion of mutation]
 76804 | D:1      | Gained mutation: You are frail. (-10% HP) [potion of
                  | mutation]
 76804 | D:1      | Lost mutation: You possess an exceptional clarity of mind.
                  | [potion of mutation]
 76804 | D:1      | Gained mutation: You are partially covered in large bone
                  | plates. (SH +4) [potion of mutation]
 76805 | D:1      | Lost mutation: You occasionally shout uncontrollably at
                  | your foes. [potion of mutation]
 76805 | D:1      | Lost mutation: You are frail. (-10% HP) [potion of
                  | mutation]
 76805 | D:1      | Gained mutation: You sometimes lose your temper in combat.
                  | [potion of mutation]
 76805 | D:1      | Gained mutation: Your spells are a little harder to cast,
                  | but a little more powerful. [potion of mutation]
 76805 | D:1      | Gained mutation: Your magical capacity is low. (-10% MP)
                  | [potion of mutation]
 76806 | D:1      | Lost mutation: You are partially covered in large bone
                  | plates. (SH +4) [potion of mutation]
 76806 | D:1      | Lost mutation: Your spells are a little harder to cast, but
                  | a little more powerful. [potion of mutation]
 76806 | D:1      | Lost mutation: You sometimes lose your temper in combat.
                  | [potion of mutation]
 76806 | D:1      | Gained mutation: You possess an exceptional clarity of
                  | mind. [potion of mutation]
 76806 | D:1      | Gained mutation: You passively dampen the noise of your
                  | surroundings. [potion of mutation]
 76807 | D:1      | Lost mutation: Your magical capacity is low. (-10% MP)
                  | [potion of mutation]
 76807 | D:1      | Lost mutation: You possess an exceptional clarity of mind.
                  | [potion of mutation]
 76807 | D:1      | Lost mutation: You passively dampen the noise of your
                  | surroundings. [potion of mutation]
 76807 | D:1      | Gained mutation: You possess an exceptional clarity of
                  | mind. [potion of mutation]
 76807 | D:1      | Gained mutation: You are partially covered in iridescent
                  | scales. (AC +2) [potion of mutation]
 76807 | D:1      | Gained mutation: You passively map a small area around you.
                  | [potion of mutation]
 77136 | Crypt:1  | Entered Level 1 of the Crypt
 77157 | Crypt:1  | Noticed Sojobo
 77163 | Crypt:1  | Killed Sojobo
 79048 | Crypt:2  | Found a transporter.
 79583 | Crypt:2  | Found a transporter.
 80058 | Crypt:3  | Entered Level 3 of the Crypt
 81840 | Crypt:3  | Found the +5 scythe "Finisher" {speed, eviscerate}
 81896 | Crypt:3  | Identified the +5 whip of Winter {elec, rN+ Int+3}
 82478 | Crypt:3  | Found a staircase to the Tomb.
 83248 | Lair:5   | Voluntarily entered the Abyss.
 84284 | Abyss:4  | Gained mutation: You occasionally lose the ability to drink
                  | potions when taking damage. [a neqoxec]
 84334 | Abyss:4  | Found a corrupted altar of Lugonu.
 84709 | Abyss:4  | Got an abyssal rune of Zot
 85170 | Abyss:4  | Gained mutation: Potions are less effective at restoring
                  | your health. [a neqoxec]
 85210 | Abyss:4  | Gained mutation: You are vulnerable to heat. (rF-) [a
                  | neqoxec]
 85251 | Lair:5   | Escaped the Abyss
 85553 | Lair:5   | Voluntarily entered the Abyss.
 85695 | Lair:5   | Escaped the Abyss
 86180 | Tomb:1   | Entered Level 1 of the Tomb of the Ancients
 86785 | Tomb:1   | Noticed a royal mummy
 86924 | Crypt:3  | Lost mutation: You expend magic power (3 MP) to strengthen
                  | your wands. [potion of mutation]
 86924 | Crypt:3  | Lost mutation: You are vulnerable to heat. (rF-) [potion of
                  | mutation]
 86924 | Crypt:3  | Lost mutation: You passively map a small area around you.
                  | [potion of mutation]
 86924 | Crypt:3  | Gained mutation: You are weak. (Str -2) [potion of
                  | mutation]
 87348 | Zig:1    | Entered Level 1 of a ziggurat
 87421 | Zig:2    | Entered Level 2 of a ziggurat
 87443 | Zig:3    | Entered Level 3 of a ziggurat
 87595 | Zig:4    | Entered Level 4 of a ziggurat
 87687 | Zig:4    | Identified the ring "Koudao" {rN+ Will+ Str+3 Int+4}
 87694 | Zig:5    | Entered Level 5 of a ziggurat
 87746 | Zig:5    | Identified the +8 great sword of Kimehojy {freeze, Fragile
                  | rCorr Dex+5 SInv}
 87760 | Zig:5    | Identified the +3 ring mail of the Tormentor {SInv}
 87767 | Zig:6    | Entered Level 6 of a ziggurat
 87823 | Zig:6    | Identified the +7 longbow "Faluupt" {heavy, Fly rPois rC-
                  | Str+2}
 88005 | Zig:7    | Entered Level 7 of a ziggurat
 88070 | Zig:7    | Identified the +1 hand axe "Wybaj" {drain, *Slow rCorr
                  | Str+4}
 88246 | Zig:8    | Entered Level 8 of a ziggurat
 88461 | Zig:8    | Identified the +1 cloak "Muefaen" {rF+ Will++ rCorr}
 88466 | Zig:9    | Entered Level 9 of a ziggurat
 88473 | Zig:9    | Noticed Qipothy the pandemonium lord
 88475 | Zig:9    | Noticed Couzob the pandemonium lord
 88490 | Zig:9    | Killed Couzob the pandemonium lord
 88491 | Zig:9    | Killed Qipothy the pandemonium lord
 88583 | Zig:9    | Identified the +2 leather armour of the Bulwark {rElec
                  | Dex+4}
 88624 | Zig:10   | Entered Level 10 of a ziggurat
 88796 | Zig:10   | Identified the +2 spear "Sysownat" {freeze, rElec rCorr
                  | Str+2 Int-5}
 88799 | Zig:10   | Identified the ring of Sibeyl {rN+ rCorr}
 88811 | Zig:11   | Entered Level 11 of a ziggurat
 88835 | Zig:11   | Found the +8 whip "Snakebite" {venom, curare, rPois}
 89008 | Zig:11   | Lost mutation: You occasionally lose the ability to drink
                  | potions when taking damage. [potion of mutation]
 89008 | Zig:11   | Lost mutation: Potions are less effective at restoring your
                  | health. [potion of mutation]
 89008 | Zig:11   | Lost mutation: You possess an exceptional clarity of mind.
                  | [potion of mutation]
 89008 | Zig:11   | Gained mutation: You passively map a small area around you.
                  | [potion of mutation]
 89008 | Zig:11   | Gained mutation: You expend magic power (3 MP) to
                  | strengthen your wands. [potion of mutation]
 89009 | Zig:11   | Lost mutation: You passively map a small area around you.
                  | [potion of mutation]
 89009 | Zig:11   | Lost mutation: You are partially covered in iridescent
                  | scales. (AC +2) [potion of mutation]
 89009 | Zig:11   | Gained mutation: You passively dampen the noise of your
                  | surroundings. [potion of mutation]
 89009 | Zig:11   | Gained mutation: You are strong-willed. (Will+) [potion of
                  | mutation]
 89010 | Zig:11   | Lost mutation: You expend magic power (3 MP) to strengthen
                  | your wands. [potion of mutation]
 89010 | Zig:11   | Lost mutation: You are weak. (Str -2) [potion of mutation]
 89010 | Zig:11   | Gained mutation: Your mind is acute. (Int +4, Str/Dex -1)
                  | [potion of mutation]
 89019 | Zig:12   | Entered Level 12 of a ziggurat
 89030 | Zig:12   | Noticed a royal mummy
 89031 | Zig:12   | Noticed a royal mummy
 89033 | Zig:12   | Noticed a royal mummy
 89033 | Zig:12   | Noticed a royal mummy
 89069 | Zig:12   | Killed a royal mummy
 89076 | Zig:12   | Killed a royal mummy
 89082 | Zig:12   | Killed a royal mummy
 89092 | Zig:12   | Killed a royal mummy
 89171 | Zig:12   | Noticed a royal mummy
 89326 | Zig:13   | Entered Level 13 of a ziggurat
 89396 | Zig:13   | Identified the ring "Voelic" {rElec rN+ SInv}
 89464 | Zig:14   | Entered Level 14 of a ziggurat
 89557 | Zig:14   | Identified the +7 glaive "Zigrenk" {vamp, rC+ Will++ Int-5}
 89559 | Zig:14   | Identified the +1 trident "Noanau" {speed, Int+5}
 89561 | Zig:14   | Identified the +9 plate armour "Sygacof" {rPois rF- Str+4
                  | Dex+3}
 89564 | Zig:15   | Entered Level 15 of a ziggurat
 89589 | Zig:15   | HP: 10/214 [entropy weaver (16)]
 89589 | Zig:15   | HP: 1/214 [entropy weaver (9)]
 89846 | Zig:15   | Identified the +3 mace of Icawkul {protect, rElec Will+
                  | Str+2}
 89848 | Zig:15   | Identified the ring of Faynluom {Fly AC+4 Dex+3 Stlth+}
 89878 | Zig:16   | Entered Level 16 of a ziggurat
 89886 | Zig:16   | Noticed a dread lich
 89886 | Zig:16   | Noticed a dread lich
 89889 | Zig:16   | Gained mutation: You are weak. (Str -2) [a shining eye]
 89890 | Zig:16   | Noticed a dread lich
 89891 | Zig:16   | Noticed a dread lich
 89891 | Zig:16   | Noticed a dread lich
 89892 | Zig:16   | Noticed an ancient lich
 89896 | Zig:16   | Killed a dread lich
 89899 | Zig:16   | Killed a dread lich
 89907 | Zig:16   | Killed a dread lich
 89908 | Zig:16   | Killed an ancient lich
 89910 | Zig:16   | Killed a dread lich
 89914 | Zig:16   | Killed a dread lich
 90046 | Zig:16   | Lost mutation: Your mind is acute. (Int +4, Str/Dex -1)
                  | [potion of mutation]
 90046 | Zig:16   | Lost mutation: You passively dampen the noise of your
                  | surroundings. [potion of mutation]
 90046 | Zig:16   | Gained mutation: You are partially covered in iridescent
                  | scales. (AC +2) [potion of mutation]
 90046 | Zig:16   | Gained mutation: You are clumsy. (Dex -2) [potion of
                  | mutation]
 90046 | Zig:16   | Gained mutation: You are robust. (+10% HP) [potion of
                  | mutation]
 90047 | Zig:16   | Lost mutation: You are partially covered in iridescent
                  | scales. (AC +2) [potion of mutation]
 90047 | Zig:16   | Lost mutation: You are strong-willed. (Will+) [potion of
                  | mutation]
 90047 | Zig:16   | Lost mutation: You are weak. (Str -2) [potion of mutation]
 90047 | Zig:16   | Gained mutation: Your muscles are strong. (Str +4, Int/Dex
                  | -1) [potion of mutation]
 90047 | Zig:16   | Gained mutation: You have supernaturally acute eyesight.
                  | (SInv) [potion of mutation]
 90048 | Zig:16   | Lost mutation: You are robust. (+10% HP) [potion of
                  | mutation]
 90048 | Zig:16   | Lost mutation: Your muscles are strong. (Str +4, Int/Dex
                  | -1) [potion of mutation]
 90048 | Zig:16   | Gained mutation: You are weak. (Str -2) [potion of
                  | mutation]
 90055 | Zig:17   | Entered Level 17 of a ziggurat
 90097 | Zig:17   | Found the +13 scythe of Curses {drain, Drain}
 90241 | Zig:17   | Identified the +5 eveningstar "Qaali Ivi" {heavy, rC+
                  | Str+3}
 90296 | Zig:17   | Identified the ring of Dyliddis {rF+ Int+4 Dex+6}
 90305 | Zig:17   | Lost mutation: You are weak. (Str -2) [potion of mutation]
 90305 | Zig:17   | Lost mutation: You are clumsy. (Dex -2) [potion of
                  | mutation]
 90305 | Zig:17   | Gained mutation: You are partially covered in iridescent
                  | scales. (AC +2) [potion of mutation]
 90305 | Zig:17   | Gained mutation: You are robust. (+10% HP) [potion of
                  | mutation]
 90305 | Zig:17   | Gained mutation: Your mind is acute. (Int +4, Str/Dex -1)
                  | [potion of mutation]
 90305 | Zig:17   | Gained mutation: You are agile. (Dex +4, Str/Int -1)
                  | [potion of mutation]
 90330 | Zig:18   | Entered Level 18 of a ziggurat
 90631 | Zig:18   | Identified the +6 longbow of the Sea {flame, Will+}
 90638 | Zig:18   | Identified the ring of the Gloaming {*Slow rPois rC+ Str+6
                  | Stlth+}
 90640 | Zig:18   | Identified the +7 great mace of Doors {venom, Contam *Rage
                  | rN+++ Int+5}
 90652 | Zig:19   | Entered Level 19 of a ziggurat
 90677 | Zig:19   | HP: 9/237 [balrug/divine providence (15)]
 91251 | Zig:19   | Identified the +10 rapier "Opnurruid" {heavy, *Rage Str+7
                  | Int+4 Stlth+}
 91258 | Zig:19   | Reached skill level 15 in Spellcasting
 91265 | Zig:20   | Entered Level 20 of a ziggurat
 91514 | Zig:20   | Identified the +9 war axe of Calamity {heavy, Int+2 Dex+3}
 91520 | Zig:20   | Identified the +3 rapier of Fybo {spect, *Slow rC++}
 91521 | Zig:20   | Identified the +10 battleaxe of a bazaar {drain, *Noise
                  | rElec Str+2 Int+6}
 91528 | Zig:20   | Got Sif Muna's Grimoire of Incineration
 91530 | Zig:20   | Identified the +1 morningstar "Ciutwyump" {venom, *Corrode
                  | Str+4 Int+3}
 91534 | Zig:20   | Identified the ring "Gaonkizi" {rC+ Will+ Str+7 Stlth+}
 91562 | Zig:21   | Entered Level 21 of a ziggurat
 91802 | Zig:21   | Identified the ring of the Okapi {rPois Will+ Str+7}
 92196 | Zig:22   | Entered Level 22 of a ziggurat
 92470 | Zig:22   | Found the +10 Black Knight's barding {ponderous, rPois rN+}
 92637 | Zig:22   | Identified the +5 rapier of Etigge {heavy, Drain rCorr
                  | Int+4 Dex+6}
 92639 | Zig:22   | Identified the +1 dagger of Skirmishing {drain, rElec Int-5
                  | Dex+7}
 92640 | Zig:22   | Identified the ring "Celethohu" {rC- Will+ MP+9 Stlth+}
 92648 | Zig:22   | Identified the +8 dagger of Causality {chaos, +Blink rElec
                  | Will++ Str-3}
 92652 | Zig:22   | Identified the +9 glaive "Inoled" {drain, Will+}
 92656 | Zig:22   | Identified the ring "Hetes" {rPois rF+ AC+4 Dex-4}
 92741 | Zig:23   | Entered Level 23 of a ziggurat
 92911 | Zig:23   | Identified the ring "Newifall" {Drain rF+ rCorr Str+6}
 92927 | Zig:23   | Identified the +7 battleaxe of Niatudiedgh {vamp, Int+5
                  | Stlth+}
 92928 | Zig:23   | Identified the +12 mace of the Dungeon {flame, rN+ Dex+4}
 93733 | Zig:24   | Entered Level 24 of a ziggurat
 93931 | Zig:24   | Identified the +6 broad axe "Keett" {drain, +Blink rF+
                  | Will++ Str-5}
 93950 | Zig:24   | Identified the +8 long sword "Hellblazer" {freeze, Int+4}
 93970 | Zig:24   | Reached skill level 27 in Transmutations
 93970 | Zig:24   | Reached skill level 27 in Air Magic
 93989 | Zig:25   | Entered Level 25 of a ziggurat
 93998 | Zig:25   | Noticed a royal mummy
 93998 | Zig:25   | Noticed a royal mummy
 93999 | Zig:25   | Noticed a royal mummy
 94001 | Zig:25   | Noticed a royal mummy
 94002 | Zig:25   | Noticed a royal mummy
 94006 | Zig:25   | Killed a royal mummy
 94007 | Zig:25   | Noticed a royal mummy
 94007 | Zig:25   | Noticed a royal mummy
 94008 | Zig:25   | Noticed a royal mummy
 94009 | Zig:25   | Killed a royal mummy
 94016 | Zig:25   | Noticed a royal mummy
 94018 | Zig:25   | Killed a royal mummy
 94021 | Zig:25   | Killed a royal mummy
 94023 | Zig:25   | Killed a royal mummy
 94024 | Zig:25   | Noticed a royal mummy
 94026 | Zig:25   | Killed a royal mummy
 94033 | Zig:25   | Noticed a royal mummy
 94063 | Zig:25   | Noticed a royal mummy
 94083 | Zig:25   | Killed a royal mummy
 94083 | Zig:25   | Killed a royal mummy
 94083 | Zig:25   | HP: 12/240 [something (22)]
 94087 | Zig:25   | Killed a royal mummy
 94095 | Zig:25   | Killed a royal mummy
 94095 | Zig:25   | Killed a royal mummy
 94106 | Zig:25   | Noticed a royal mummy
 94115 | Zig:25   | Killed a royal mummy
 94117 | Zig:25   | Killed a royal mummy
 94117 | Zig:25   | Killed by a royal mummy's death curse

Illustrated notes

Levels and vault maps discovered:
D:1:      roderic_crop_circles_arrival_small, layout_rooms
D:2:      layout_rooms, serial_shops, nicolae_shop_hallway_plus,
          nicolae_shop_window_shopping, shop, shop,
          nicolae_shop_bloodbath_and_beyond, uniq_natasha
D:3:      layout_loops_ring
D:4:      layout_loops_ring, temple_doors_e
D:5:      layout_rooms, st_stairs_12, minmay_checkerbox
D:6:      layout_gridville, minmay_bent
D:7:      lemuel_ratsnest, layout_basic, amcnicky_altar_gilded,
          jmf_multi_god_temple, serial_undead, serial_undead_c, serial_undead_c,
          serial_undead_e, serial_undead_d, serial_shops,
          nicolae_shop_window_shopping, nicolae_shop_behind_doors, shop_statue,
          minmay_misc_feat_ornament, serial_bayou_pond_b, kennysheep_nub
D:8:      layout_loops_ring, nrook_mini_vaults
D:9:      layout_stronghold, kiku_gazebo_pond_becter, minmay_lair_entry_grove,
          enter_bailey_3, uniq_gastronok, uniq_psyche
D:10:     layout_grid_maze, mainiacjoe_overflow_alcove_1,
          gammafunk_temple_overflow_statue, uniq_erica, uniq_fannar,
          uniq_nergalle
D:11:     minmay_cut_squares, layout_grid_maze, david_orc_3, uniq_lodul
D:12:     layout_big_octagon, serial_bayou_pond_b
D:13:     layout_basic, erik_vaults_2, columned_hall_lemuel,
          ashenzari_conservatory_becter
D:14:     dreamdust_dug_too_deep, layout_irregular_city, kennysheep_flooded_box,
          minmay_diced_spiral
D:15:     gammafunk_enter_depths_forms, layout_layer_cave
Temple:   nicolae_temple_no_exploring_needed
Lair:1:   layout_small_grid, ebering_ghost_inner_flame
Lair:2:   nzn_winding_woodlands_stair_cross
          [nzn_winding_woodlands_5x15_lazy_stream,
          nzn_winding_woodlands_center_pierced_h,
          nzn_winding_woodlands_5x15_pool, nzn_winding_woodlands_5x5_cross,
          nzn_winding_woodlands_5x5_perimeter, nzn_winding_woodlands_5x15_twine,
          nzn_winding_woodlands_center_lodge,
          nzn_winding_woodlands_5x15_sidewinder], layout_regular_city,
          minmay_shoals_entry_hut, nicolae_lair_lindhole, uniq_harold
Lair:3:   layout_small_grid, nicolae_spider_entry_tight_spaces
Lair:4:   beast_lair_carwin_large_3, layout_loops_ring, slime_entry_2,
          serial_bayou_shore_a, uniq_snorg
Lair:5:   hellmonk_lair_end_abyssal_woods, layout_cave_pods,
          gammafunk_ghost_icy, portal_ice_cave_entry_imps, serial_bayou_shore_b,
          uniq_sonja
Shoals:1: layout_shoals, serial_shops, shop
Shoals:2: layout_shoals, regret_index_shoals_crete, uniq_ilsuiw
Shoals:3: layout_shoals
Shoals:4: shoals_end_hellmonk_storm_palace [storm_palace_center_square,
          storm_palace_corner_narrow, storm_palace_corner_pillars,
          storm_palace_corner_blocked, storm_palace_corner_reverse_hut]
Spider:1: layout_chambers, hellmonk_spider_spawner, uniq_agnes
Spider:2: layout_spider_delve, nicolae_spider_some_kinda_spiderbox,
          uniq_frances, uniq_roxanne
Spider:3: nicolae_spider_mines_3, gammafunk_ghost_berserking_beasts,
          uniq_donald, uniq_nikola, uniq_arachne, uniq_louise
Spider:4: johnstein_spider_rune_arachne_lair
Slime:1:  layout_caves
Slime:2:  layout_caves
Slime:3:  layout_caves
Slime:4:  layout_caves
Slime:5
Orc:1:    layout_caves, serial_shops, shop, uniq_jorgrun
Orc:2:    grunt_orc_tribal_feast, layout_caves, gammafunk_ghost_split,
          minmay_orc_keep, uniq_maurice, uniq_erolcha
Elf:1:    layout_geoelf_grid, portal_desolation_entry_ruin,
          minmay_elf_annihilation, grunt_megastairs_2
Elf:2:    nicolae_elf_blades_splatter_lattice [infiniplex_blade_entry_pillars],
          layout_loops_cross, ebering_ghost_disaster_area, nicolae_danse_macabre
Elf:3:    minmay_elf_hall_spiked, layout_gridlike,
          nicolae_shop_sticking_my_neck_out
Vaults:1: st_star, ontoclasm_vaults_idyll, ontoclasm_vaults_idyll,
          nicolae_vaults_little_squares_5, grunt_vaults_twisty,
          hangedman_vaults_pinch, nicolae_vaults_what_the_h, vaults_room_pool,
          vaults_room_fours, vaults_room_hallway, vaults_mumra_minichess,
          layout_vaults_ring, serial_shops, shop
Vaults:2: v_alt_pattern_2, ontoclasm_vaults_pinch,
          nicolae_vaults_little_squares_4, hangedman_vaults_unwind,
          vaults_room_hangedman_quadrants, v_rooms_6, ontoclasm_vaults_eye,
          hangedman_vaults_cutoff, nicolae_vaults_network_quinsquares
          [nicolae_vaults_network_quincunx_subvault,
          nicolae_vaults_network_quincunx_subvault,
          nicolae_vaults_network_quincunx_subvault,
          nicolae_vaults_network_quincunx_subvault], v_misc_25,
          minmay_crypt_entry_simple_round, layout_vaults_omnibox
Vaults:3: nicolae_vaults_little_ls, v_alt_pattern_2, v_misc_14,
          nicolae_vaults_little_squares_4, st_smaller_cells,
          nicolae_vaults_network_barrier, nicolae_vaults_shelves_hall,
          hangedman_vaults_maws, nicolae_vaults_little_squares_5, v_rooms_2,
          nicolae_vaults_three_branches, vaults_room_grid, vaults_mumra_hexcomb,
          layout_vaults_omnicross, serial_shops, bzr_entry_gold
Vaults:4: mu_enter_wizlab_1, v_misc_3, vaults_room_semicircle,
          ontoclasm_vaults_ring_small, v_rooms_4, hangedman_vaults_trim,
          vaults_dpeg_ring, grunt_vaults_funnel, vaults_room_grid,
          vaults_room_pools, nicolae_vaults_diagonal_hallway_6,
          ontoclasm_vaults_gateway, nicolae_vaults_shelves_hall,
          layout_vaults_omnigrid, uniq_margery
Vaults:5: serial_shops
Crypt:1:  layout_catacombs, uniq_sojobo
Crypt:2:  gammafunk_its_a_trap, layout_misc_corridors
Crypt:3:  due_elkab, layout_chaotic_city, nicolae_tomb_entry_grand_gallery
Tomb:1
Depths:1: layout_gridville, pf_hell_entry_tar_spiral, minmay_room_of_horrors,
          chequers_serial_rivers_small_3, serial_glass, glass_columns_c,
          glass_columns_a, corexii_hall_statues_i, dancing_weapons_uskayaw,
          firewood_loft
Depths:2: kennysheep_windowed_halls, layout_honeycomb, lightli_too_deep,
          rand_demon_pan_entry_7, gammafunk_ghost_mausoleum,
          kennysheep_treasure_room, grunt_megastairs_4,
          infiniplex_staircase_zigzag_2
Depths:3: grunt_arcs, layout_gridville, enter_ziggurat_f, abyss_entry,
          fedhas_altar_fruit_tree, hell_entry, serial_shops, shop, uniq_boris,
          uniq_mennas
Depths:4: evilmike_zot_entry_argh, layout_gridville, hell_entry,
          serial_co_window_serial, co_window_corner_a, co_window_paths_a,
          co_window_of_opportunity_a, co_window_paths_a, co_window_paths_b,
          co_window_paths_b, co_window_of_opportunity_a, co_window_corner_cb,
          co_window_unsneaky_path_a, co_window_broadway_c, co_window_broadway_a,
          co_window_broadway_c, glass_columns_b, glass_columns_a,
          glass_columns_a, glass_columns_a, uniq_xtahua
Zot:1:    lemuel_draconian_sentries_small, layout_misc_corridors
Zot:2:    kennysheep_six_static_rooms, layout_cathedral_of_symmetry
Zot:3:    layout_cathedral_of_symmetry
Zot:4:    layout_onion, grunt_megastairs_5
Zot:5:    layout_cellular_growth, serial_nicolae_subway,
          nicolae_sub_station_stone, nicolae_sub_station_metal,
          nicolae_sub_station_crystal
Zig:25

Skill      XL: |  1  2  3  4  5  6  7  8  9 10 11 12 13 14 15 16 17 18 19 20 21 22 23 24 25 26 27 |
---------------+----------------------------------------------------------------------------------+-----
Transmutations | 3 4 5 6 7 9 10 12 13 14 15 16 17 18 19 20 21 27 | 27.0
Ice Magic      | 1 2 3 4 5 |  5.0
Fighting       | 2 3 4 5 6 7 8 10 11 12 13 14 15 16 17 18 19 26 | 26.2
Dodging        | 3 4 5 6 7 8 10 11 12 13 14 15 16 17 18 19 26 | 26.2
Spellcasting   | 3 4 5 6 7 8 9 10 11 12 16 | 16.0
Unarmed Combat | 4 5 7 8 9 10 11 12 13 14 15 16 17 18 19 26 | 26.2
Air Magic      | 3 9 14 15 16 17 18 19 20 21 27 | 27.0
Translocations | 1 7 12 | 12.0

Action                   |  1- 3 |  4- 6 |  7- 9 | 10-12 | 13-15 | 16-18 | 19-21 | 22-24 | 25-27 || total
-------------------------+-------+-------+-------+-------+-------+-------+-------+-------+-------++-------
Melee: Unarmed           |    56 |       |   246 |   541 |   929 |   823 |   696 |   829 |  2950 ||  7070
       Constrict         |    19 |    10 |     6 |     4 |     3 |     5 |     4 |     2 |    14 ||    67
       Kick              |    18 |    18 |    11 |       |       |       |       |    17 |    20 ||    84
       Tentacles         |    13 |     7 |     8 |     6 |    12 |    16 |     8 |    10 |    88 ||   168
       Spear             |    27 |    72 |    56 |    33 |       |       |       |       |       ||   188
       Punch             |     4 |       |     1 |       |    25 |    80 |    79 |   126 |   454 ||   769
       Staff             |       |       |       |       |    11 |    33 |    17 |    33 |   179 ||   273
 Cast: Beastly Appendage |    17 |    26 |    11 |       |       |       |       |       |       ||    54
       Wereblood         |       |    10 |    28 |    44 |    90 |    84 |    67 |    68 |   183 ||   574
       Ice Form          |       |       |    25 |    44 |    68 |       |       |       |       ||   137
       Storm Form        |       |       |       |       |    23 |    85 |    67 |    77 |   189 ||   441
       Manifold Assault  |       |       |       |       |       |       |       |       |    90 ||    90
       Passage of Golubr |       |       |       |       |       |       |       |       |     1 ||     1
Invok: Call Merchant     |       |       |       |     1 |     2 |     1 |     2 |     1 |     6 ||    13
       Potion Petition   |       |       |       |     4 |     8 |     1 |     3 |     3 |    34 ||    53
 Abil: End Transformatio |       |       |       |       |     1 |       |       |     4 |     1 ||     6
       Blinkbolt         |       |       |       |       |     2 |     3 |     2 |     2 |    11 ||    20
Evoke: Wand              |       |       |       |       |       |       |       |       |     4 ||     4
  Use: Scroll            |       |    15 |     3 |     5 |    15 |       |     3 |     2 |    16 ||    59
       Potion            |       |     2 |     2 |     2 |     2 |       |     1 |    13 |    73 ||    95
 Stab: Sleeping          |     1 |     4 |     1 |       |     4 |       |     3 |     1 |     1 ||    15
       Distracted        |       |       |     2 |     3 |     3 |    14 |    13 |    13 |    41 ||    89
       Confused          |       |       |       |     3 |       |       |       |       |       ||     3
       Invisible         |       |       |       |       |     1 |       |       |       |    42 ||    43
Armor: Skin              |    12 |       |    71 |   254 |   501 |   266 |   202 |   265 |   669 ||  2240
Dodge: Dodged            |    54 |    36 |   237 |   633 |   924 |  1008 |   560 |   893 |  3176 ||  7521
Block: Other             |       |     2 |       |       |       |       |       |       |       ||     2

Table legend: (Time is in decaauts)
 A = Elapsed time spent in this place.
 B = Non-inter-level travel time spent in this place.
 C = Inter-level travel time spent in this place.
 D = Time resting spent in this place.
 E = Time spent auto-exploring this place.
 F = Levels seen in this place.
 G = Mean time per level.
                   A        B        C        D        E       F      G
               +--------+--------+--------+--------+--------+-----+--------+
         Total |  94732 |  86622 |   8110 |   4974 |  64939 |  89 | 1064.4 |
       Dungeon |  22511 |  18616 |   3895 |    891 |  14764 |  15 | 1500.7 |
        Temple |     15 |      9 |      6 |      0 |      0 |   1 |   15.0 |
          Lair |  10633 |   9420 |   1213 |    698 |   7046 |   5 | 2126.6 |
        Shoals |   4738 |   4564 |    174 |     55 |   3610 |   4 | 1184.5 |
   Spider Nest |   6520 |   6286 |    234 |     67 |   5322 |   4 | 1630.0 |
    Slime Pits |   3279 |   3193 |     86 |    744 |   1712 |   5 |  655.8 |
  Orcish Mines |   2276 |   1937 |    339 |      0 |   1586 |   2 | 1138.0 |
   Elven Halls |   4962 |   4801 |    161 |    120 |   3719 |   3 | 1654.0 |
        Vaults |   7421 |   6856 |    565 |      0 |   5670 |   5 | 1484.2 |
         Crypt |   6100 |   5725 |    375 |      0 |   4836 |   3 | 2033.3 |
          Tomb |    725 |    725 |      0 |      0 |    507 |   1 |  725.0 |
        Depths |   7568 |   6782 |    786 |    132 |   5529 |   4 | 1892.0 |
           Zot |   7362 |   7094 |    268 |    526 |   5420 |   5 | 1472.4 |
         Abyss |   2689 |   2689 |      0 |      0 |   1273 |   5 |  537.8 |
      Ziggurat |   6451 |   6451 |      0 |   1705 |   2952 |  25 |  258.0 |
        Bazaar |    168 |    168 |      0 |      0 |    160 |   1 |  168.0 |
        Wizlab |   1307 |   1307 |      0 |     34 |    826 |   1 | 1307.0 |
               +--------+--------+--------+--------+--------+-----+--------+

Top non-repeatable levels by time:
 Crypt:3: 3057 daAuts
  Lair:5: 2822 daAuts
    D:11: 2579 daAuts
  Lair:2: 2379 daAuts
Depths:2: 2202 daAuts
Spider:4: 2137 daAuts
Depths:4: 2123 daAuts
  Lair:3: 2117 daAuts
   Elf:3: 2053 daAuts
     D:9: 1957 daAuts
Spider:1: 1950 daAuts
Vaults:5: 1910 daAuts
 Crypt:1: 1837 daAuts
Vaults:2: 1812 daAuts
     D:6: 1800 daAuts
